 Dungeon Crawl Stone Soup version 0.32-a0-557-g68838b5 (webtiles) character file.

Game seed: 9653906522656660355

16139698 DiveintoAbyss the Grand Master (level 27, 300/300 HPs)
             Began as a White Draconian Shapeshifter on Feb 29, 2024.
             Was an Elder of Wu Jian.
             Escaped with the Orb
             ... and 15 runes
             ... and 1 gem (0 intact)!
             The game lasted 04:21:48 (97392 turns).

DiveintoAbyss the Grand Master (DrSh)              Turns: 97392, Time: 04:21:48

Health: 300/300    AC: 15    Str: 29    XL:     27
Magic:  23/23      EV: 61    Int: 17    God:    Wu Jian [****..]
Gold:   8493       SH:  0    Dex: 21    Spells: 10/26 levels left

rFire   . .          .
                       - Unarmed
rCold   . . .        (shield currently unavailable)
rNeg    + . .        (body armour unavailable)
rPois   ∞            (helmet currently unavailable)
rElec   +            (cloak currently unavailable)
rCorr   +            (gloves currently unavailable)
SInv    .            (boots currently unavailable)
Will    +++..        A - amulet of Vitality {Regen++ RegenMP++}
Stlth   +++          E - ring "Uniuniwo" {rCorr Str+3 Int+5}
HPRegen 2.30/turn    T - ring of Bademevio {rElec rN+ Will+}
MPRegen 0.98/turn

%: no passive effects
@: storm-form, flying, studying 5 skills
A: cleaving, insubstantial, flying, (glacial breath), AC +13, unfitting armour,
(cold resistance 1), (cold-blooded), robust 1, screaming 1, strong 1
0: Orb of Zot
}: 15/15 runes: serpentine, barnacled, slimy, silver, golden, iron, obsidian,
icy, bone, abyssal, demonic, glowing, magical, fiery, dark
a: Blinkbolt, Begin Untransformation, Renounce Religion, Wall Jump, Serpent's
Lash


You escaped.
You worshipped Wu Jian.
Wu Jian was greatly pleased with you.
You were a lightning-filled tempest!
You visited 18 branches of the dungeon, and saw 87 of its levels.
You visited Pandemonium 1 time, and saw 15 of its levels.
You visited the Abyss 2 times.
You also visited: Trove, Gauntlet and Wizlab.

You collected 15672 gold pieces.
You spent 7179 gold pieces at shops.

Inventory:

Hand Weapons
 H - the +27 heavy crossbow "Sniper" {heavy, Acc+∞ SInv}
   (You found it on level 3 of the Tomb of the Ancients)

   Acc+∞: It never misses its target.
   SInv:      It lets you see invisible.
Missiles
 k - 10 throwing nets
 N - 20 curare-tipped darts
 P - 32 javelins
 Y - 15 silver javelins
Jewellery
 o - a ring of protection from fire
 A - the amulet of Vitality (around neck) {Regen++ RegenMP++}
   (You bought it in a shop on level 4 of the Depths)

   [amulet of nothing]

   Regen++:   It increases your rate of health regeneration.
   RegenMP++: It increases your rate of magic regeneration.
 C - the amulet of Hegagoud {RegenMP Will+ RegenMP+}
   (You found it on level 3 of the Crypt)

   [amulet of magic regeneration]

   RegenMP:   It increases your rate of magic regeneration.
   Will+:     It increases your willpower.
   RegenMP+:  It increases your rate of magic regeneration.
 E - the ring "Uniuniwo" (left fist) {rCorr Str+3 Int+5}
   (You found it in a Gauntlet)

   [ring of resist corrosion]

   Str+3:     It affects your strength (+3).
   Int+5:     It affects your intelligence (+5).
   rCorr:     It protects you from acid and corrosion.
 F - the amulet "Ginkuashro" {rN++ Regen+ rCorr}
   (You found it on level 7 of Gehenna)

   [amulet of regeneration]

   rN++:      It greatly protects you from negative energy.
   Regen+:    It increases your rate of health regeneration.
   rCorr:     It protects you from acid and corrosion.
 O - the amulet "Haolil" {Acrobat rF+ rN++}
   (You found it in a Gauntlet)

   [amulet of the acrobat]

   Acrobat:   It increases your evasion while moving and waiting.
   rF+:       It protects you from fire.
   rN++:      It greatly protects you from negative energy.
 Q - a ring of protection from cold
 S - the ring "Keusch" {Wiz ^Drain rF+ rCorr}
   (You found it on level 5 of the Pits of Slime)

   [ring of wizardry]

   Wiz:       It improves your spell success rate.
   rF+:       It protects you from fire.
   rCorr:     It protects you from acid and corrosion.
   ^Drain:    It drains your maximum health when unequipped.
 T - the ring of Bademevio (right fist) {rElec rN+ Will+}
   (You found it on level 7 of Gehenna)

   [ring of willpower]

   rElec:     It insulates you from electricity.
   rN+:       It protects you from negative energy.
   Will+:     It increases your willpower.
Talismans
 r - the storm talisman of Death's Door (active) {Str+5}
   (You found it in a wizard's laboratory)

   [storm talisman]

   Str+5:     It affects your strength (+5).
Wands
 i - a wand of digging (6)
 D - a wand of quicksilver (36)
 U - a wand of iceblast (76)
Scrolls
 a - 6 scrolls of summoning
 d - 28 scrolls of teleportation
 j - 18 scrolls of enchant armour
 l - 4 scrolls of revelation
 n - 3 scrolls of silence
 s - a scroll of amnesia
 u - 4 scrolls of blinking
 w - 9 scrolls of fear
 x - 16 scrolls of poison
 y - 24 scrolls of enchant weapon
 G - 16 scrolls of immolation
 I - 12 scrolls of fog
 J - 6 scrolls of brand weapon
Potions
 c - 3 potions of resistance
 e - 9 potions of invisibility
 f - 3 potions of might
 g - 48 potions of curing
 h - 11 potions of brilliance
 m - 7 potions of lignification
 p - 8 potions of ambrosia
 q - 8 potions of mutation
 t - 17 potions of enlightenment
 v - 5 potions of magic
 B - 18 potions of attraction
 K - 4 potions of cancellation
 M - 2 potions of heal wounds
 R - 3 potions of haste
 Z - 7 potions of berserk rage
Miscellaneous
 b - the horn of Geryon
 z - a figurine of a ziggurat
 L - a phial of floods
 V - a condenser vane
 W - a phantom mirror
 X - a sack of spiders


   Skills:
 O Level 27 Fighting
 * Level 18.1 Throwing
 O Level 27 Dodging
 - Level 18.0 Stealth
 O Level 27 Unarmed Combat
 - Level 0.3 Spellcasting
 - Level 22.0 Translocations
 O Level 27 Evocations
 O Level 27 Shapeshifting


You had 10 spell levels left.
You knew the following spells:

 Your Spells              Type           Power      Damage    Failure   Level
e - Passage of Golubria   Tloc           66%        N/A       1%          4
q - Blink                 Tloc           100%       N/A       0%          2
r - Vhi's Electric Charg  Tloc/Air       74%        N/A       2%          4
w - Lesser Beckoning      Tloc           100%       N/A       0%          2
z - Manifold Assault      Tloc           66%        N/A       1%          4

Your spell library contained the following spells:

 Spells                   Type           Power      Damage    Failure   Level
 Apportation              Tloc           100%       N/A       0%          1
 Gell's Gravitas          Tloc           66%        N/A       0%          3
 Teleport Other           Tloc           66%        N/A       0%          3
 Momentum Strike          Conj/Tloc      74%        3d10      1%          2
 Dispersal                Tloc           33%        N/A       1%          6
 Dimensional Bullseye     Hex/Tloc       18%        N/A       2%          4
 Iskenderun's Mystic Bla  Conj/Tloc      37%        2d9       2%          4
 Summon Forest            Summ/Tloc      18%        N/A       7%          5
 Disjunction              Tloc           33%        N/A       19%         8
 Foxfire                  Conj/Fire      0%         2x1d4     22%         1
 Freeze                   Ice            0%         1d3       22%         1
 Kiss of Death            Conj/Necr      0%         2d5       22%         1
 Magic Dart               Conj           0%         1d3       22%         1
 Necrotise                Necr           0%         1d4       22%         1
 Sandblast                Erth           0%         2d4       22%         1
 Shock                    Conj/Air       0%         1d3       22%         1
 Slow                     Hex            0%         N/A       22%         1
 Sting                    Conj/Alch      0%         1d3       22%         1
 Summon Small Mammal      Summ           0%         N/A       22%         1
 Call Imp                 Summ           0%         N/A       34%         2
 Cigotuvi's Dreadful Rot  Necr/Alch/Air  0%         N/A       34%         2
 Ensorcelled Hibernation  Hex/Ice        0%         N/A       34%         2
 Jinxbite                 Hex            0%         N/A       34%         2
 Mercury Vapours          Alch/Air       0%         N/A       34%         2
 Scorch                   Fire           0%         2d5       34%         2
 Searing Ray              Conj           0%         2d4       34%         2
 Call Canine Familiar     Summ           0%         N/A       56%         3
 Confusing Touch          Hex            0%         N/A       56%         3
 Dazzling Flash           Conj/Hex       0%         N/A       56%         3
 Frozen Ramparts          Ice            0%         1d1       56%         3
 Fugue of the Fallen      Necr           0%         N/A       56%         3
 Hailstorm                Conj/Ice       0%         3d5       56%         3
 Inner Flame              Hex/Fire       0%         N/A       56%         3
 Mephitic Cloud           Conj/Alch/Air  0%         N/A       56%         3
 Ozocubu's Armour         Ice            0%         N/A       56%         3
 Passwall                 Erth           0%         N/A       56%         3
 Sigil of Binding         Hex            0%         N/A       56%         3
 Stone Arrow              Conj/Erth      0%         3d7       56%         3
 Swiftness                Air            0%         N/A       56%         3
 Tukima's Dance           Hex            0%         N/A       56%         3
 Vampiric Draining        Necr           0%         2d6       56%         3
 Malign Gateway           Summ/Tloc      18%        N/A       91%         7
 Airstrike                Air            0%         2d(0-16)  92%         4
 Anguish                  Hex/Necr       0%         N/A       92%         4
 Animate Dead             Necr           0%         N/A       92%         4
 Brom's Barrelling Bould  Conj/Erth      0%         2d3       92%         4
 Cause Fear               Hex            0%         N/A       92%         4
 Dispel Undead            Necr           0%         3d6       92%         4
 Flame Wave               Conj/Fire      0%         2d4       92%         4
 Fulminant Prism          Conj/Alch      0%         3d5       92%         4
 Leda's Liquefaction      Alch/Erth      0%         N/A       92%         4
 Martyr's Knell           Necr/Summ      0%         N/A       92%         4
 Olgreb's Toxic Radiance  Alch           0%         N/A       92%         4
 Petrify                  Alch/Erth      0%         N/A       92%         4
 Summon Blazeheart Golem  Fire/Summ      0%         N/A       92%         4
 Summon Lightning Spire   Summ/Air       0%         N/A       92%         4
 Alistair's Intoxication  Alch           0%         N/A       99%         5
 Arcjolt                  Conj/Air       0%         1d10      99%         5
 Borgnjor's Vile Clutch   Necr/Erth      0%         N/A       99%         5
 Curse of Agony           Necr           0%         N/A       99%         5
 Fireball                 Conj/Fire      0%         3d3       99%         5
 Freezing Cloud           Conj/Ice/Air   0%         6-21      99%         5
 Irradiate                Conj/Alch      0%         3d11      99%         5
 Iskenderun's Battlesphe  Conj           0%         2d6       99%         5
 Lee's Rapid Deconstruct  Erth           0%         3d4*      99%         5
 Metabolic Englaciation   Hex/Ice        0%         N/A       99%         5
 Summon Mana Viper        Hex/Summ       0%         N/A       99%         5
 Yara's Violent Unravell  Hex/Alch       0%         3d3       99%         5
 Conjure Ball Lightning   Conj/Air       0%         3x3d6     100%        6
 Death Channel            Necr           0%         N/A       100%        6
 Eringya's Noxious Bog    Alch           0%         4d6       100%        6
 Plasma Beam              Fire/Air       0%         2x1d10    100%        6
 Sculpt Simulacrum        Ice/Alch       0%         N/A       100%        6
 Starburst                Conj/Fire      0%         6d3       100%        6
 Summon Cactus Giant      Summ           0%         N/A       100%        6
 Enfeeble                 Hex            0%         N/A       100%        7
 Haunt                    Necr/Summ      0%         N/A       100%        7
 Orb of Destruction       Conj           0%         9d5       100%        7
 Ozocubu's Refrigeration  Ice            0%         4d7       100%        7
 Spellforged Servitor     Conj/Summ      0%         N/A       100%        7
 Summon Hydra             Summ           0%         N/A       100%        7
 Borgnjor's Revivificati  Necr           0%         N/A       100%        8
 Discord                  Hex            0%         N/A       100%        8
 Ignition                 Fire           0%         3d3       100%        8
 Infestation              Necr           0%         N/A       100%        8
 Lehudib's Crystal Spear  Conj/Erth      0%         10d2      100%        8
 Maxwell's Capacitive Co  Air            0%         ∞         100%        8
 Summon Horrible Things   Summ           0%         N/A       100%        8
 Chain Lightning          Conj/Air       0%         N/A       100%        9
 Death's Door             Necr           0%         N/A       100%        9
 Dragon's Call            Summ           0%         N/A       100%        9
 Fire Storm               Conj/Fire      0%         5d1       100%        9
 Shatter                  Erth           0%         3d5*      100%        9
 Sublimation of Blood     Necr           Unusable   N/A       N/A         2
 Animate Armour           Summ/Erth      Unusable   N/A       N/A         4

Dungeon Overview and Level Annotations

Branches:
Dungeon (15/15)            Temple (1/1) D:7            Lair (5/5) D:9
 Shoals (4/4) Lair:3        Snake (4/4) Lair:3        Slime (5/5) Lair:5
    Orc (2/2) D:9             Elf (3/3) Orc:2        Vaults (5/5) D:14
  Crypt (3/3) Vaults:3       Tomb (3/3) Crypt:3      Depths (4/4) D:15
   Hell (visited)             Dis (7/7) Hell            Geh (7/7) Hell
    Coc (7/7) Hell            Tar (7/7) Hell            Zot (5/5) Depths:4
 WizLab (visited)         Gauntlet (visited)

Altars:
Ashenzari
Cheibriados
Dithmenos
Elyvilon
Fedhas
Gozag
Hepliaklqana
Kikubaaqudgha
Makhleb
Nemelex Xobeh
Okawaru
Qazlal
Ru
Sif Muna
Trog
Uskayaw
Vehumet
Wu Jian
Xom
Yredelemnul
Zin
The Shining One
Beogh
Jiyva

Shops:
D:6 ((=[   D:9 (   D:15 *   Orc:1 :   Orc:2 ([*=   Elf:2 [   Shoals:2 [
Vaults:2 ?*![:   Vaults:3 *   Vaults:5 !   Depths:1 [   Depths:2 **
Depths:4 =:=

Portals:
Hell: Depths:1 Depths:2 Depths:3 Depths:4
Abyss: Depths:1 Depths:2 Depths:3
Pandemonium: Depths:2
Ziggurat: Depths:2


Innate Abilities, Weirdness & Mutations

You are a lightning-filled tempest!
Your electrical attacks strike out in all directions at once.
You are incredibly evasive.
Your insubstantial body is immune to petrification, constriction, and being set on fire You are flying.
Your armour is entirely melded.
You are incapable of wielding weapons or throwing items.
((You can breathe waves of cold which freeze foes solid.))
((Your icy white scales are hard. (AC +13)))
You cannot fit into any form of body armour.
You are immune to poison.
((Your flesh is cold resistant. (rC+)))
((You are cold-blooded and may be slowed by cold attacks.))
You are robust. (+10% HP)
You occasionally shout uncontrollably at your foes.
Your muscles are strong. (Str +4, Int/Dex -1)


Message History

You batter the sun demon!! The sun demon completely misses you.
You batter the sun demon!!
You kill the sun demon!
The Council accepts your kill.
You hit the sun demon. The sun demon completely misses you.
You blast the sun demon!!!
You kill the sun demon!
The Council accepts your kill.
No target in view!
You gain 2 HP, and have [296/300] HP You gain 3 HP, and have [299/300] HP HP Full. (300)
There is a stone staircase leading up here.
You fly upwards.
There is a stone staircase leading down here.
Unknown command.
There is a stone staircase leading up here.
You fly upwards.
There is a stone staircase leading down here.
You fly downwards.
There is a stone staircase leading up here.
There is a stone staircase leading up here.
You fly upwards.
There is a stone staircase leading down here.
There is a stone staircase leading down here.
There is a stone staircase leading up here.
You fly upwards.
There is a stone staircase leading down here.
You fly downwards.
There is a stone staircase leading up here.
You fly upwards.
There is a stone staircase leading down here.
You see here a bat skeleton.
There is a stone staircase leading up, spattered with blood here.
You fly upwards.
There is a stone staircase leading down here.
You see here a +0 heavy flail.
There is a staircase leading out of the dungeon here.
Okay, then.
You have escaped!

#.##.#......# ##.#####
...#.###############...#
...#......###..........#
...##..##......######..#
...##...#.##...######..#
...)....#.####........##
...##.###.# #.######.#
.>.##.###.# #.#....#.#
...##.....# #.#v.#.#.#
...#####..# #.####.#.#
...# #..####......#.#
#### #..#..########.#
####..#...........##
#.........#######..#
#.###..#..#######..#
#.###..#...........#
#####
#...#..#.######.####
#....


There were no monsters in sight!

Vanquished Creatures
  Cerebov (Pan)
  Antaeus (Coc:7)
  the Royal Jelly (Slime:5)
  Asmodeus (Geh:7)
  Ereshkigal (Tar:7)
  Mnoleg (Pan)
  Lom Lobon (Pan)
  Gloorx Vloq (Pan)
  the Serpent of Hell (Dis:7)
  A seraph (Pan)
  10 dread liches
  Dispater (Dis:7)
  Frederick (Depths:4)
  4 orbs of fire (Zot:5)
  6 ancient liches
  Mara (Vaults:5)
  2 juggernauts (Dis:3)
  3 pandemonium lords
  36 royal mummies
  Vv (Crypt:1)
  Parghit (Depths:4)
  4 Killer Klowns
  20 shard shrikes
  20 caustic shrikes
  7 curse toes
  Geryon (Hell)
  The ghost of Rissiah the Sorcerer, a veteran DECj of Sif Muna (Vaults:3)
  Nikola (Snake:1)
  A mutant beast (WizLab)
  Jory (Depths:4)
  11 golden dragons
  2 pearl dragons (Pan)
  2 profane servitors
  22 bone dragons
  5 electric golems
  21 doom hounds
  12 Brimstone Fiends
  15 Tzitzimimeh
  A spectral shard shrike (Tar:7)
  Jorgrun (Orc:1)
  13 Hell Sentinels
  9 iron giants
  21 Ice Fiends
  30 Orb Guardians
  Zenata (Crypt:3)
  Mlioglotl (Shoals:1)
  Rupert (D:13)
  22 hellephants
  21 tentacled monstrosities
  10 liches
  A shard shrike skeleton (Crypt:3)
  14 tainted leviathans
  A walking earthen tome (Depths:3)
  5 deep elf master archers (Elf:3)
  4 deep elf blademasters
  Asterion (Snake:1)
  19 titans
  8 quicksilver dragons
  11 sphinxes
  21 searing wretches
  26 acid blobs
  Murray (Hell)
  5 tentacled starspawn (Abyss:3)
  Gastronok (D:8)
  19 Executioners (Pan)
  Polyphemus (Shoals:1)
  15 death cobs
  33 ancient champions
  18 storm dragons
  8 nagarajas
  14 shadow dragons
  2 fenstrider witches (Pan)
  5 revenants
  15 narguns
  19 azure jellies
  Kirke (D:15)
  Donald (Shoals:1)
  13 protean progenitors
  5 tengu reavers
  21 fire giants
  Aizul (Elf:3)
  Ilsuiw (Shoals:2)
  10 draconian knights
  Louise (Snake:1)
  8 draconian monks
  20 daevas (Pan)
  15 vault wardens
  7 ghost moths
  11 quicksilver elementals
  6 deep elf sorcerers
  12 rockslimes
  7 draconian shifters
  An emperor scorpion (D:15)
  18 frost giants
  7 demonspawn warmongers (Pan)
  7 draconian scorchers
  5 shard shrike simulacra
  A deep elf elementalist (Elf:3)
  6 iron dragons
  38 balrugs
  7 draconian stormcallers
  3 curse skulls
  28 angels
  6 spectral caustic shrikes
  A spectral juggernaut (Tar:4)
  8 ghouls
  8 draconian annihilators
  12 quicksilver oozes
  9 demonspawn corrupters
  15 cacodemons
  20 ironbound preservers
  31 very ugly things
  An orc warlord (Orc:2)
  18 reapers
  2 juggernaut skeletons (Pan)
  2 spriggan defenders
  A broodmother (Zot:4)
  4 caustic shrike skeletons (Pan)
  7 demonspawn blood saints (Pan)
  16 ophanim (Pan)
  13 green draconians
  7 vampire knights
  8 formless jellyfish
  12 stone giants
  9 ironbound thunderhulks
  25 elemental wellsprings
  10 bennus
  11 deep elf death magi
  8 putrid mouths
  5 lorocyprocas (Pan)
  12 black draconians
  8 purple draconians
  24 apis (Pan)
  3 demonspawn black suns (Pan)
  7 deep elf annihilators
  33 war gargoyles
  2 spectral titans (Tar:4)
  11 red draconians
  11 dire elephants
  4 deep elf demonologists
  12 spark wasps
  3 minotaurs
  2 bunyips (Pan)
  20 wendigos
  9 white draconians
  16 yellow draconians
  Snorg (D:11)
  13 fire dragons
  A spectral quicksilver dragon (Tar:4)
  13 blizzard demons
  13 green deaths (Pan)
  An ettin (shapeshifter) (WizLab)
  19 eidola
  18 ettins
  27 mummy priests
  2 merfolk javelineers
  3 spectral spriggans
  2 deep elf high priests
  7 jiangshi
  12 yaktaur captains
  7 merfolk impalers
  2 quicksilver dragon skeletons
  16 great orbs of eyes
  3 entropy weavers
  4 spriggan air magi
  7 ice dragons
  5 jorogumos
  7 salamander tyrants
  30 vault guards
  7 rakshasas
  Erolcha (Orc:1)
  9 hydras
  7 ironbound frosthearts
  11 stokers
  8 juggernaut simulacra
  7 radroaches (WizLab)
  11 centaur warriors
  5 caustic shrike simulacra
  4 merfolk aquamancers (Shoals:4)
  An alligator (Zot:3)
  3 hell beasts
  2 merfolk avatars
  An ogre mage (Vaults:5)
  2 satyrs
  25 dancing weapons
  An alligator snapping turtle (Shoals:4)
  3 catoblepae
  2 spectral stone giants (Tar:4)
  7 death knights
  7 two-headed ogres
  4 deep troll shamans
  8 anacondas
  4 boulder beetles
  5 tengu warriors
  13 death yaks
  8 vampire magi
  An Orb Guardian skeleton (Crypt:1)
  25 hell hogs
  68 death scarabs
  6 deep troll earth magi
  A sphinx skeleton (Depths:1)
  7 spriggan berserkers
  4 demonic crawlers
  7 orc high priests
  5 spectral nagas
  2 occultists (Depths:3)
  14 naga warriors
  2 spectral dire elephants
  2 thrashing horrors (Abyss:3)
  12 naga sharpshooters
  A titan skeleton (Tomb:3)
  3 shock serpents
  19 deep elf knights
  15 soul eaters
  3 skysharks (shapeshifter)
  7 iron trolls
  9 crystal echidnas
  2 hellephant skeletons (Pan)
  7 hell knights
  6 skysharks
  71 sun demons
  The ghost of Lovepenguin the Thaumaturge, a novice DEAE of Sif Muna (D:9)
  22 shadow wraiths
  32 skeletal warriors
  4 wretched stars (Abyss:3)
  9 salamander mystics
  A spectral anaconda (Tar:4)
  2 sea snakes (shapeshifter)
  13 shadow demons
  An anaconda zombie (Hell)
  3 quicksilver dragon simulacra
  23 sixfirhies
  11 mana vipers
  3 naga ritualists
  A goliath frog (Pan)
  9 glowing orange brains
  A bunyip skeleton (Crypt:2)
  11 cherubim (Pan)
  A death drake (shapeshifter) (WizLab)
  63 deep trolls
  3 arcanists
  7 deep elf archers
  3 mana vipers (shapeshifter)
  2 deep trolls (shapeshifter) (WizLab)
  11 sea snakes
  13 flayed ghosts
  A glowing orange brain (shapeshifter) (WizLab)
  A swamp dragon (shapeshifter) (Depths:3)
  A sun moth (shapeshifter) (WizLab)
  13 bog bodies
  5 sun moths (Pan)
  Pikel (D:8)
  16 necromancers
  4 spriggan simulacra
  22 starcursed masses
  7 thermic dynamos
  2 harpies (shapeshifter)
  A spectral alligator (Tar:2)
  8 lindwurms
  A sphinx simulacrum (Depths:1)
  An orc knight (Orc:1)
  32 deep elf pyromancers
  32 deep elf zephyrmancers
  A golden dragon skeleton (Depths:1)
  6 phantasmal warriors
  An anaconda skeleton (Hell)
  13 ironbound convokers
  4 fauns
  A goliath frog zombie (Crypt:3)
  A shadow dragon zombie (Tomb:2)
  A shadow dragon skeleton (Vaults:4)
  4 orc sorcerers
  23 harpies
  13 manticores
  8 shining eyes
  3 stone giant zombies
  2 salamanders (shapeshifter)
  2 spectral ettins
  20 salamanders
  46 ugly things
  Maurice (Orc:1)
  An elf skeleton (Vaults:4)
  A shining eye (shapeshifter) (WizLab)
  3 worldbinders
  A moth of wrath (shapeshifter) (Depths:4)
  23 moths of wrath
  2 cyclopes
  A manticore (shapeshifter) (WizLab)
  3 cyclopes (shapeshifter)
  12 merfolk sirens
  A fire giant skeleton (Depths:1)
  A toenail golem (Pan)
  8 rust devils
  A kobold blastminer (Orc:1)
  An elephant (shapeshifter) (WizLab)
  8 naga magi
  A meliai (shapeshifter) (WizLab)
  9 elephants
  A stone giant skeleton (Vaults:4)
  17 guardian serpents
  11 water nymphs
  An alligator skeleton (Hell)
  9 eyes of devastation
  10 ice statues
  4 torpor snails (Depths:3)
  A spectral centaur (Tar:2)
  An apocalypse crab (Abyss:3)
  7 titan simulacra
  16 vault sentinels
  20 orange demons
  9 cane toads
  41 black mambas
  A centaur skeleton (Tomb:2)
  2 gargoyles
  A dire elephant skeleton (Crypt:1)
  23 large abominations
  A sea snake zombie (Hell)
  A yaktaur zombie (Vaults:4)
  28 smoke demons
  11 freezing wraiths
  15 efreet
  2 unseen horrors
  36 hellions
  9 komodo dragons
  A torpor snail (shapeshifter) (D:15)
  2 spriggan zombies (Depths:1)
  51 guardian mummies
  2 human zombies (Vaults:4)
  An anaconda simulacrum (Crypt:3)
  8 kobold demonologists
  5 rime drakes
  An alligator snapping turtle skeleton (Crypt:1)
  6 red devils
  22 yaktaurs
  Maggie (D:6)
  Psyche (D:8)
  A sea snake skeleton (Hell)
  3 tengu conjurers
  17 tormentors
  3 silent spectres
  A golden dragon simulacrum (Coc:3)
  4 ice devils
  A red draconian skeleton (Crypt:2)
  A bunyip simulacrum (Coc:2)
  6 trolls
  15 hellwings
  A spectral harpy (Tar:4)
  23 merfolk
  A wind drake (shapeshifter) (Depths:4)
  A troll (shapeshifter) (WizLab)
  A hydra zombie (Hell)
  A harpy zombie (Tomb:1)
  3 wind drakes
  2 merfolk (shapeshifter) (WizLab)
  4 ancient zymes (Abyss:3)
  6 hornets
  5 polar bears
  A glass eye (shapeshifter) (Vaults:5)
  9 raiju (Abyss:3)
  27 blink frogs
  14 dream sheep
  2 dream sheep (shapeshifter) (WizLab)
  5 harpy skeletons
  A fire dragon zombie (Crypt:3)
  A culicivora zombie (Crypt:1)
  An ettin zombie (Vaults:4)
  2 iron dragon simulacra
  5 snapping turtles
  2 stone giant simulacra
  A jumping spider (shapeshifter) (WizLab)
  13 glass eyes
  90 slime creatures
  14 ushabtiu
  6 spriggans
  An air elemental (Elf:2)
  7 wraiths
  12 water elementals
  2 centaur simulacra (Coc:1)
  12 ynoxinuls
  7 dire elephant simulacra
  52 yaks
  2 alligator snapping turtle simulacra
  4 basilisks
  2 hogs (D:15)
  5 wyverns
  3 fire elementals
  7 humans
  13 golden eyes
  A warg (Orc:1)
  3 redbacks (Vaults:2)
  3 steam dragons
  22 neqoxecs
  17 chaos spawn
  14 harpy simulacra
  17 iron golems
  17 vampire mosquitoes
  9 small abominations
  5 acid dragons
  36 nagas
  A two-headed ogre zombie (Tomb:1)
  A hydra simulacrum (Coc:2)
  A hell hound (Abyss:3)
  13 water moccasins
  Duvessa (D:6)
  A merfolk skeleton (Crypt:2)
  A glowing shapeshifter skeleton (Depths:1)
  A water nymph skeleton (Crypt:1)
  2 sky beasts (D:7)
  30 orc warriors
  6 black bears
  7 ice beasts
  19 laughing skulls
  5 boggarts
  30 wolves
  7 ogres
  8 ettin simulacra
  9 centaurs
  A phantom (D:4)
  2 weeping skulls (Abyss:3)
  2 lemures (D:8)
  An elf simulacrum (Vaults:4)
  A komodo dragon zombie (Crypt:1)
  8 kobold brigands
  3 gnoll sergeants
  10 bullfrogs
  A warg zombie (Crypt:3)
  A cyclops zombie (Crypt:3)
  A wyvern zombie (Crypt:2)
  A glowing shapeshifter simulacrum (Vaults:4)
  A komodo dragon skeleton (Crypt:2)
  2 naga simulacra (Coc:2)
  4 earth elementals
  15 wights
  A polar bear zombie (Crypt:3)
  Dowan (D:6)
  12 killer bees
  A shapeshifter zombie (Crypt:2)
  A howler monkey (D:9)
  A wolf skeleton (Crypt:2)
  2 hounds
  Crazy Yiuf (D:2)
  7 orc priests
  9 jellies
  2 sleepcaps (D:8)
  2 iguanas
  An iron imp (Abyss:1)
  Jessica (D:3)
  30 orc wizards
  4 hell rats (Hell)
  A brain worm zombie (Crypt:1)
  2 naga zombies
  57 mummies
  18 gnolls
  A howler monkey skeleton (Crypt:1)
  6 adders
  A shadow imp (D:7)
  A white imp (D:8)
  2 ufetubi (D:5)
  An adder skeleton (Crypt:2)
  A ribbon worm (D:3)
  4 dart slugs
  53 orcs
  6 ball pythons
  7 bats
  A bat skeleton (Crypt:2)
  8 endoplasms
  4 giant cockroaches
  8 goblins
  8 hobgoblins
  7 jackals
  15 kobolds
  6 quokkas
  A dart slug zombie (Crypt:1)
  6 frilled lizards
  A kobold zombie (Crypt:1)
  3 rats
  13 aspiring fleshes
  3 creeping infernos
  A fire vortex (Geh:7)
  A spectral weapon (Snake:1)
  3 starspawn tentacles (Abyss:3)
4099 creatures vanquished.

Vanquished Creatures (collateral kills)
  2 death scarabs (Tomb:3)
  3 guardian mummies (Tomb:3)
  A yak (D:9)
  A mummy (Tomb:3)
7 creatures vanquished.

Vanquished Creatures (others)
  A lich (Crypt:3)
  An eldritch tentacle (Pan)
  A draconian annihilator (Pan)
  An elemental wellspring (Coc:3)
  A deep elf annihilator (Pan)
  A jorogumo (Pan)
  A juggernaut simulacrum (Coc:3)
  A deep troll (Vaults:3)
  A fenstrider witch simulacrum (Coc:2)
  A spriggan simulacrum (Coc:2)
  A faun (Shoals:2)
  A moth of wrath (D:9)
  2 hellions (Geh:5)
  A raiju (shapeshifter) (D:15)
  An iron dragon simulacrum (Coc:3)
  An alligator snapping turtle simulacrum (Coc:3)
  A human (D:15)
  A yak (D:9)
  A golden eye (Abyss:3)
  4 harpy simulacra
  2 hydra simulacra
  An orc warrior (D:9)
  An ettin simulacrum (Coc:6)
  3 ball lightnings (Pan)
  12 starspawn tentacles (Abyss:3)
43 creatures vanquished.

Grand Total: 4149 creatures vanquished

Notes
Turn   | Place    | Note
-------+----------+-------------------------------------------
     0 | D:1      | DiveintoAbyss the Draconian Shapeshifter began the quest
                  | for the Orb.
     0 | D:1      | Reached XP level 1. HP: 16/16 MP: 1/1
    72 | D:1      | Reached XP level 2. HP: 20/24 MP: 2/2
   105 | D:1      | Found a faded altar of an unknown god.
   285 | D:1      | You fall into a shaft and drop 1 floor!
   368 | D:2      | Reached XP level 3. HP: 21/30 MP: 3/3
   536 | D:2      | Found a runed translucent door.
   537 | D:2      | Noticed Crazy Yiuf
   863 | D:1      | Reached XP level 4. HP: 38/38 MP: 4/4
  1508 | D:3      | Found a shadowy altar of Dithmenos.
  1646 | D:3      | Identified the +5 whip of Bankruptcy {venom, Int+9}
  1654 | D:3      | Noticed Jessica
  1658 | D:3      | Killed Jessica
  1659 | D:3      | Reached XP level 5. HP: 45/45 MP: 5/5
  1660 | D:3      | Reached skill level 5 in Shapeshifting
  2580 | D:5      | Entered Level 5 of the Dungeon
  2705 | D:5      | Noticed an ogre
  3043 | D:4      | Identified the +2 hand axe of the Blowfly {elec, rElec
                  | Str+3}
  3231 | D:4      | Reached XP level 6. HP: 50/51 MP: 6/6
  3270 | D:4      | Found a sacrificial altar of Ru.
  3664 | D:5      | Your scales start taking on an icy white colour.
  3664 | D:5      | Reached XP level 7. HP: 45/57 MP: 7/7
  3664 | D:5      | Gained mutation: Your flesh is cold resistant. (rC+) [White
                  | Draconian growth]
  4367 | D:6      | Noticed a steam dragon
  4371 | D:6      | Killed a steam dragon
  4372 | D:6      | Reached XP level 8. HP: 61/63 MP: 8/8
  4454 | D:6      | Found Itath's Armour Shop.
  4461 | D:6      | Found Gepo's Jewellery Boutique.
  4581 | D:6      | Noticed Duvessa
  4582 | D:6      | Noticed Dowan
  4593 | D:6      | Killed Duvessa
  4597 | D:6      | Found Ybavuj's Weapon Shoppe.
  4604 | D:6      | Killed Dowan
  4704 | D:6      | Noticed Maggie
  4717 | D:6      | Killed Maggie
  4718 | D:6      | Reached skill level 10 in Shapeshifting
  5149 | D:6      | Reached XP level 9. HP: 71/73 MP: 9/9
  5223 | D:6      | Reached skill level 5 in Fighting
  5495 | D:6      | Found Enutymey's Weapon Emporium.
  5498 | D:6      | Bought 2 curare-tipped darts for 31 gold pieces
  5499 | D:6      | Found Fadar's Magic Scroll Boutique.
  5505 | D:6      | Bought a scroll of identify for 20 gold pieces
  5505 | D:6      | Bought a scroll of identify for 20 gold pieces
  5505 | D:6      | Bought a scroll of identify for 20 gold pieces
  5505 | D:6      | Bought a scroll of identify for 20 gold pieces
  5505 | D:6      | Bought a scroll of torment for 95 gold pieces
  5505 | D:6      | Bought a scroll of poison for 40 gold pieces
  5505 | D:6      | Bought a scroll of immolation for 40 gold pieces
  5505 | D:6      | Bought a scroll of teleportation for 30 gold pieces
  5728 | D:6      | Found a white marble altar of Elyvilon.
  5739 | D:6      | Found a glowing silver altar of Zin.
  5997 | D:7      | Found a staircase to the Ecumenical Temple.
  6003 | Temple   | Entered the Ecumenical Temple
  6040 | Temple   | Became a worshipper of the Wu Jian Council
  6417 | D:7      | Found a basalt altar of Yredelemnul.
  6419 | D:7      | Noticed a profane servitor
  6424 | D:7      | Found a glowing golden altar of the Shining One.
  6426 | D:7      | Noticed an angel
  7348 | D:8      | Noticed Pikel
  7379 | D:8      | Killed Pikel
  7380 | D:8      | Reached XP level 10. HP: 48/83 MP: 10/10
  7818 | D:8      | Noticed Psyche
  7829 | D:8      | Killed Psyche
  8314 | D:8      | Found a broken altar of Ashenzari.
  8441 | D:8      | Reached * piety under Wu Jian
  8846 | D:8      | Noticed Gastronok
  9278 | D:8      | Killed Gastronok
  9957 | D:9      | Found a transporter.
  9962 | D:9      | Found a bloodstained altar of Trog.
  9962 | D:9      | Noticed a tengu warrior
  9981 | D:9      | Found a transporter.
  9982 | D:9      | Noticed Lovepenguin's ghost (novice DEAE)
  9982 | D:9      | Noticed a moth of wrath
 10066 | D:9      | Reached XP level 11. HP: 87/89 MP: 11/11
 10104 | D:9      | Reached skill level 15 in Shapeshifting
 10466 | D:9      | Found a staircase to the Lair.
 10471 | D:9      | Noticed a soul eater
 10475 | D:9      | Found a staircase to the Orcish Mines.
 10475 | D:9      | Found Nuibuweu's Weapon Boutique.
 10742 | D:9      | Reached ** piety under Wu Jian
 11427 | D:9      | Found a bloodstained altar of Trog.
 11428 | D:9      | Found a burning altar of Makhleb.
 11428 | D:9      | Found a snail-covered altar of Cheibriados.
 11430 | D:9      | Found a hide-covered altar of Uskayaw.
 11432 | D:9      | Found an iron altar of Okawaru.
 11432 | D:9      | Found a stormy altar of Qazlal.
 11442 | D:9      | Reached skill level 5 in Unarmed Combat
 11449 | D:9      | Found an ancient bone altar of Kikubaaqudgha.
 12339 | Orc:1    | Entered Level 1 of the Orcish Mines
 12345 | Orc:1    | Noticed Jorgrun
 12381 | Orc:1    | Killed Jorgrun
 12471 | Orc:1    | Found Upext's Book Boutique.
 12642 | Orc:1    | Noticed Erolcha
 12646 | Orc:1    | Killed Erolcha
 12676 | Orc:1    | Noticed Maurice
 12685 | Orc:1    | Maurice stole a ring of magical power
 12686 | Orc:1    | Killed Maurice
 12716 | Orc:1    | Reached *** piety under Wu Jian
 13028 | Orc:1    | Noticed an orc sorcerer
 13031 | Orc:1    | Killed an orc sorcerer
 13032 | Orc:1    | Reached XP level 12. HP: 66/104 MP: 12/12
 13607 | Orc:2    | Entered Level 2 of the Orcish Mines
 13892 | Orc:2    | Found Yckothrea's General Store.
 13894 | Orc:2    | Noticed an orc high priest
 13958 | Orc:2    | Killed an orc high priest
 13979 | Orc:2    | Bought a scroll of poison for 48 gold pieces
 13979 | Orc:2    | Bought a scroll of identify for 24 gold pieces
 13979 | Orc:2    | Bought 2 potions of cancellation for 192 gold pieces
 14018 | Orc:2    | Noticed an orc high priest
 14029 | Orc:2    | Killed an orc high priest
 14067 | Orc:2    | Reached **** piety under Wu Jian
 14075 | Orc:2    | Paralysed by an orc sorcerer for 3 turns
 14201 | Orc:2    | Paralysed by an orc sorcerer for 4 turns
 14326 | Orc:2    | Found Fiymaot's Antique Weapon Shoppe.
 14334 | Orc:2    | Noticed an orc warlord
 14428 | Orc:2    | Found Amaurghih's Jewellery Shoppe.
 14782 | Orc:2    | Found a roughly hewn altar of Beogh.
 14799 | Orc:2    | Noticed an orc high priest
 14821 | Orc:2    | Killed an orc high priest
 14848 | Orc:2    | Found a shimmering blue altar of Sif Muna.
 14863 | Orc:2    | Got Sif Muna's Folio of Fever
 14929 | Orc:2    | Found Lythrekhlu's Antique Armour Emporium.
 14958 | Orc:2    | Found a staircase to the Elven Halls.
 15084 | Orc:2    | Noticed an orc high priest
 15091 | Orc:2    | Gained mutation: You have hidden genetic defects. [a
                  | neqoxec]
 15093 | Orc:2    | Killed an orc high priest
 15221 | Orc:2    | Noticed a two-headed ogre
 15227 | Orc:2    | Killed a two-headed ogre
 15344 | Orc:2    | Paralysed by an orc sorcerer for 3 turns
 15392 | Orc:2    | Killed an orc warlord
 15707 | D:10     | Entered Level 10 of the Dungeon
 15793 | D:10     | Found a sacrificial altar of Ru.
 15793 | D:10     | Noticed a tengu warrior
 15809 | D:10     | Gained mutation: You occasionally shout uncontrollably at
                  | your foes. [hidden defects]
 15815 | D:10     | Killed a tengu warrior
 16160 | D:10     | Found a radiant altar of Vehumet.
 16683 | D:10     | Reached XP level 13. HP: 111/111 MP: 13/13
 16913 | D:11     | Noticed Snorg
 16924 | D:11     | Killed Snorg
 16926 | D:11     | Gained mutation: You are weak. (Str -2) [hidden defects]
 16926 | D:11     | Lost mutation: You have hidden genetic defects. [hidden
                  | defects expressed]
 17101 | D:11     | Lost mutation: You occasionally shout uncontrollably at
                  | your foes. [potion of mutation]
 17101 | D:11     | Lost mutation: You are weak. (Str -2) [potion of mutation]
 17101 | D:11     | Gained mutation: You are robust. (+10% HP) [potion of
                  | mutation]
 17101 | D:11     | Gained mutation: You are strong-willed. (Will+) [potion of
                  | mutation]
 17188 | D:11     | Found a hide-covered altar of Uskayaw.
 18975 | D:12     | Reached ***** piety under Wu Jian
 19485 | D:13     | Noticed Rupert
 19499 | D:13     | Killed Rupert
 21653 | D:14     | Reached XP level 14. HP: 92/129 MP: 14/14
 22003 | Lair:1   | Entered Level 1 of the Lair of Beasts
 24097 | Lair:3   | Found a staircase to the Shoals.
 24763 | Lair:3   | Found a staircase to the Snake Pit.
 24776 | Lair:3   | Reached skill level 10 in Fighting
 25282 | Lair:4   | Found a gate leading to a gauntlet.
 25308 | Gauntlet | Entered a Gauntlet
 25308 | Gauntlet | Found a transporter.
 25308 | Gauntlet | Found a transporter.
 25308 | Gauntlet | Found a runed translucent door.
 25328 | Gauntlet | Found a runed translucent door.
 25339 | Gauntlet | Found a transporter.
 25356 | Gauntlet | Found a transporter.
 25357 | Gauntlet | Found a transporter.
 25359 | Gauntlet | Found a transporter.
 25359 | Gauntlet | Found a transporter.
 25360 | Gauntlet | Found a transporter.
 25378 | Gauntlet | Found a transporter.
 25390 | Gauntlet | Found a runed translucent gate.
 25391 | Gauntlet | Found a transporter.
 25391 | Gauntlet | Found a runed translucent gate.
 25392 | Gauntlet | Found a runed translucent gate.
 25401 | Gauntlet | Found a transporter.
 25416 | Gauntlet | Found a transporter.
 25436 | Gauntlet | Found a transporter.
 25437 | Gauntlet | Found a runed translucent door.
 25449 | Gauntlet | Found a transporter.
 25507 | Gauntlet | Identified the +0 scale mail "Geirisuk" {Harm *Slow Will+
                  | Str+3 SInv}
 25575 | Gauntlet | Identified the ring "Uniuniwo" {rCorr Str+3 Int+5}
 25578 | Gauntlet | Identified the ring of the Empty Page {rElec rC+ rCorr
                  | Dex-4 Stlth+}
 25747 | Gauntlet | Identified the +0 ring mail "Omodgha" {+Inv rC++}
 25747 | Gauntlet | Identified the amulet "Haolil" {Acrobat rF+ rN++}
 25815 | Lair:4   | Reached XP level 15. HP: 107/138 MP: 15/15
 25816 | Lair:4   | Reached ****** piety under Wu Jian
 26374 | Lair:5   | Entered Level 5 of the Lair of Beasts
 26554 | Lair:5   | Found a staircase to the Slime Pits.
 26554 | Lair:5   | Found a viscous altar of Jiyva.
 26593 | Lair:5   | Reached skill level 10 in Unarmed Combat
 27529 | Lair:5   | Identified the scarf "Earthly Heaven" {harm, Dex+5 Stlth+}
 28344 | D:14     | Found a gate to the Vaults.
 28389 | D:15     | Entered Level 15 of the Dungeon
 28672 | D:15     | Noticed Kirke
 28697 | D:15     | Killed Kirke
 28945 | D:15     | Noticed an emperor scorpion
 28952 | D:15     | Killed an emperor scorpion
 28977 | D:15     | Found a staircase to the Depths.
 29105 | D:15     | Found a transporter.
 29156 | D:15     | Gained mutation: Your magical capacity is low. (-10% MP) [a
                  | neqoxec]
 29166 | D:15     | Reached XP level 16. HP: 134/150 MP: 14/14
 29340 | D:15     | Found a transporter.
 29340 | D:15     | Found Roanar's Assorted Antiques.
 29545 | D:15     | Bought a scroll of immolation for 124 gold pieces
 29545 | D:15     | Bought a potion of enlightenment for 155 gold pieces
 29670 | D:9      | Killed Lovepenguin's ghost
 29959 | D:2      | Killed Crazy Yiuf
 30186 | Shoals:1 | Entered Level 1 of the Shoals
 30385 | Shoals:1 | Noticed Donald
 30403 | Shoals:1 | Killed Donald
 30475 | Shoals:1 | You are sucked into a shaft and drop 1 floor!
 30482 | Shoals:2 | Noticed Ilsuiw
 30515 | Shoals:2 | Killed Ilsuiw
 30815 | Shoals:2 | Found Woapain's Armour Shoppe.
 31153 | Shoals:2 | Noticed Polyphemus
 31364 | Shoals:1 | Killed Polyphemus
 31508 | Shoals:1 | Noticed Mlioglotl
 31517 | Shoals:1 | Killed Mlioglotl
 32004 | Shoals:1 | Identified the +6 sling of Ybuuza {drain, rElec rC+}
 33648 | Shoals:4 | Entered Level 4 of the Shoals
 33816 | Shoals:4 | Reached skill level 5 in Dodging
 34013 | Shoals:4 | Reached XP level 17. HP: 163/166 MP: 15/15
 34283 | Shoals:4 | Got a barnacled rune of Zot
 34617 | Shoals:4 | Identified the +4 dagger of the Spinneret {speed, Fly rF+}
 34642 | Shoals:4 | Identified the +5 whip "Tuyj" {flame, rElec Int+3 Stlth+}
 34772 | Shoals:4 | Identified the +1 leather armour "Ulidih" {Str+4 Dex+4}
 35482 | Snake:1  | Entered Level 1 of the Snake Pit
 35484 | Snake:1  | Noticed Nikola
 35493 | Snake:1  | Killed Nikola
 35521 | Snake:1  | Noticed Louise
 35533 | Snake:1  | Killed Louise
 35957 | Snake:1  | Noticed Asterion
 35975 | Snake:1  | Killed Asterion
 36124 | Snake:1  | Reached skill level 15 in Fighting
 36377 | Snake:2  | Found Nerrijok's Magic Scroll Emporium.
 36385 | Snake:2  | Bought a scroll of brand weapon for 104 gold pieces
 36385 | Snake:2  | Bought a scroll of teleportation for 33 gold pieces
 36385 | Snake:2  | Bought a scroll of poison for 44 gold pieces
 36385 | Snake:2  | Bought a scroll of torment for 104 gold pieces
 36385 | Snake:2  | Bought a scroll of identify for 22 gold pieces
 36385 | Snake:2  | Bought a scroll of identify for 22 gold pieces
 36385 | Snake:2  | Bought a scroll of immolation for 44 gold pieces
 36385 | Snake:2  | Bought a scroll of identify for 22 gold pieces
 36385 | Snake:2  | Bought a scroll of teleportation for 33 gold pieces
 37180 | Snake:3  | Reached skill level 15 in Unarmed Combat
 37403 | Snake:3  | Reached XP level 18. HP: 179/179 MP: 16/16
 37824 | Snake:4  | Entered Level 4 of the Snake Pit
 37958 | Snake:4  | Reached skill level 10 in Dodging
 38980 | Snake:4  | Got a serpentine rune of Zot
 39615 | Vaults:1 | Entered Level 1 of the Vaults
 40673 | Vaults:1 | Reached XP level 19. HP: 175/194 MP: 17/17
 41351 | Vaults:2 | Found Cuiwiyre's Book Emporium.
 41743 | Vaults:2 | Found Belori's Assorted Antiques.
 41746 | Vaults:2 | Found Gapnaif's Magic Scroll Shop.
 41823 | Vaults:2 | Bought a scroll of vulnerability for 56 gold pieces
 41823 | Vaults:2 | Bought a scroll of fear for 56 gold pieces
 41823 | Vaults:2 | Bought a scroll of torment for 133 gold pieces
 41823 | Vaults:2 | Bought a scroll of immolation for 56 gold pieces
 41823 | Vaults:2 | Bought 2 scrolls of immolation for 112 gold pieces
 42082 | Vaults:2 | Bought a potion of curing for 108 gold pieces
 42082 | Vaults:2 | Bought 2 potions of curing for 216 gold pieces
 42225 | Vaults:2 | Found Cokelymu's Antique Armour Boutique.
 42292 | Vaults:2 | Found Liwul's Distillery.
 42297 | Vaults:2 | Bought a potion of attraction for 42 gold pieces
 42297 | Vaults:2 | Bought a potion of mutation for 112 gold pieces
 42297 | Vaults:2 | Bought a potion of attraction for 42 gold pieces
 42297 | Vaults:2 | Bought a potion of attraction for 42 gold pieces
 42297 | Vaults:2 | Bought 2 potions of might for 112 gold pieces
 42941 | Vaults:3 | Found a large runed translucent door.
 42941 | Vaults:3 | Found a large runed translucent door.
 42941 | Vaults:3 | Found a large runed translucent door.
 42941 | Vaults:3 | Found a large runed translucent door.
 42941 | Vaults:3 | Found a large runed translucent door.
 42941 | Vaults:3 | Found a large runed translucent door.
 42941 | Vaults:3 | Found a large runed translucent door.
 42941 | Vaults:3 | Found a large runed translucent door.
 42941 | Vaults:3 | Noticed Rissiah's ghost (veteran DECj)
 43230 | Vaults:3 | Learned a level 2 spell: Blink
 43336 | Vaults:3 | Found Rops's Assorted Antiques.
 43343 | Vaults:3 | Identified the +5 rapier of Uncertain Death {elec, rElec
                  | Int+3}
 43346 | Vaults:3 | Bought a potion of haste for 270 gold pieces
 43369 | Vaults:3 | Identified the +0 leather armour of Purpose {rC+ rN+ Str+3
                  | Dex+2}
 43593 | Vaults:3 | Identified the +0 sling "Seit" {flame, rPois rF++ Will+
                  | MP+9}
 43900 | Vaults:3 | Found a staircase to the Crypt.
 44426 | Vaults:4 | Found a portal to a secret trove of treasure.
 44522 | Vaults:4 | Reached XP level 20. HP: 196/212 MP: 18/18
 44731 | Vaults:4 | Found a magical portal.
 44736 | WizLab   | Entered Cigotuvi's Fleshworks
 44878 | WizLab   | Found the +4 Cigotuvi's embrace {Corpsefed rMiasma ^Drain
                  | rN+}
 44969 | WizLab   | Identified the storm talisman of Death's Door {Str+5}
 44978 | WizLab   | Got Cigotuvi's Directory of Congelation and the Morgue
 45759 | Vaults:4 | Found a glowing golden altar of the Shining One.
 46787 | Elf:1    | Entered Level 1 of the Elven Halls
 48003 | Elf:2    | Found a runed translucent gate.
 48003 | Elf:2    | Found a runed translucent gate.
 48023 | Elf:2    | Found a runed translucent gate.
 48201 | Elf:2    | Found Esuteoso's Armour Emporium.
 48586 | Elf:2    | Reached XP level 21. HP: 222/222 MP: 18/18
 49114 | Elf:3    | Entered Level 3 of the Elven Halls
 49214 | Elf:3    | Identified the serpent talisman of Quotsapn {rC+ Int+4
                  | Dex+3}
 49214 | Elf:3    | Noticed Aizul
 49223 | Elf:3    | Killed Aizul
 50595 | Elf:3    | Identified the +4 bardiche "Faawk" {speed, *Slow rF+ Dex+4}
 50650 | Elf:3    | Found the +10 dark maul {heavy}
 50674 | Elf:3    | Identified the +0 robe "Kapit" {Str+4}
 50704 | Elf:3    | Got the Atlas of Assaults
 50745 | Elf:3    | Identified the +0 sling "Newtbane" {heavy, Dex+2 Stlth+}
 50760 | Elf:3    | Got the Book of the Winter and the Crucible
 50785 | Elf:3    | Identified the +1 whip of the Hungering Genius {venom,
                  | rElec Will+ Stlth+}
 51020 | Elf:3    | Identified the +2 ring mail of the Transparent God {Str+2
                  | Int+2}
 52101 | D:6      | Bought 5 silver javelins for 585 gold pieces
 52405 | Vaults:4 | Learned a level 2 spell: Lesser Beckoning
 52410 | Vaults:4 | Learned a level 4 spell: Manifold Assault
 52461 | Vaults:5 | Entered Level 5 of the Vaults
 52467 | Vaults:5 | Reached skill level 1 in Translocations
 52487 | Vaults:5 | Noticed Mara
 52489 | Vaults:5 | Killed Mara
 52520 | Vaults:5 | Reached XP level 22. HP: 123/236 MP: 19/19
 52870 | Vaults:5 | Reached skill level 5 in Translocations
 52971 | Vaults:5 | Identified the ring of Curant {Ice rElec rPois Dex+3}
 53014 | Vaults:5 | Identified the +10 shortbow "Aneilat" {elec, rPois rC++}
 53238 | Vaults:5 | Found the crystal ball of Wucad Mu {*channel}
 53252 | Vaults:5 | Found Zaely's Distillery.
 53431 | Vaults:5 | Bought a potion of attraction for 39 gold pieces
 53431 | Vaults:5 | Bought a potion of heal wounds for 65 gold pieces
 53431 | Vaults:5 | Bought a potion of curing for 39 gold pieces
 53431 | Vaults:5 | Bought a potion of ambrosia for 104 gold pieces
 53431 | Vaults:5 | Bought a potion of might for 52 gold pieces
 53549 | Vaults:5 | Found the ring of the Mage {Wiz Archmagi}
 53557 | Vaults:5 | Got a silver rune of Zot
 54481 | Depths:1 | Entered Level 1 of the Depths
 54490 | Depths:1 | Identified the +1 hand axe of Circularity {heavy, *Slow
                  | rElec rPois rC-}
 54499 | Depths:1 | Found a gateway to Hell.
 54714 | Depths:1 | Found Turou's Antique Armour Emporium.
 55047 | Depths:1 | Found an iron altar of Okawaru.
 55194 | Depths:1 | Found a one-way gate to the infinite horrors of the Abyss.
 55284 | Depths:1 | Found a sparkling altar of Nemelex Xobeh.
 55464 | Depths:2 | Found Uttoorud's Assorted Antiques.
 55470 | Depths:2 | Bought a scroll of fog for 124 gold pieces
 55470 | Depths:2 | Bought a scroll of revelation for 232 gold pieces
 55470 | Depths:2 | Bought a potion of attraction for 93 gold pieces
 55470 | Depths:2 | Bought a scroll of fog for 124 gold pieces
 55470 | Depths:2 | Bought 2 scrolls of revelation for 465 gold pieces
 55470 | Depths:2 | Bought 2 potions of mutation for 496 gold pieces
 55470 | Depths:2 | Bought a potion of magic for 248 gold pieces
 55470 | Depths:2 | Bought a scroll of torment for 294 gold pieces
 55470 | Depths:2 | Bought a scroll of poison for 124 gold pieces
 55674 | Depths:2 | Found Utiudaxki's Fire Supplies.
 55732 | Depths:2 | Found the +18 shield of the Gong {Loud rN+ Will+ rCorr
                  | EV-5}
 56039 | Depths:2 | Found a one-way gate leading to the halls of Pandemonium.
 56155 | Depths:2 | Reached XP level 23. HP: 223/248 MP: 20/20
 56335 | Depths:2 | Found a one-way gateway to a ziggurat.
 56465 | Depths:2 | Bought a scroll of immolation for 76 gold pieces
 56942 | Depths:3 | Got the Discourse on the Hyperbolic Chill
 57438 | Depths:3 | Found a snail-covered altar of Cheibriados.
 57494 | Depths:3 | Got the Volume of the Incandescent Wyrd
 57717 | Depths:4 | Entered Level 4 of the Depths
 58217 | Depths:4 | Got Xap Xuib's Discourse on White Adjuration
 58292 | Depths:4 | Found a gate to the Realm of Zot.
 58311 | Depths:4 | Noticed Parghit
 58341 | Depths:4 | Identified the orb of Nisewubu {light, rElec rC+ Conj}
 58341 | Depths:4 | Noticed Frederick
 58910 | Depths:4 | Killed Frederick
 58911 | Depths:4 | Reached skill level 10 in Translocations
 59120 | Depths:4 | Noticed a caustic shrike
 59120 | Depths:4 | Noticed a caustic shrike
 59121 | Depths:4 | Noticed a caustic shrike
 59128 | Depths:4 | Noticed a caustic shrike
 59130 | Depths:4 | Killed a caustic shrike
 59131 | Depths:4 | Reached XP level 24. HP: 224/258 MP: 2/20
 59140 | Depths:4 | Noticed Jory
 59149 | Depths:4 | Killed Jory
 59437 | Depths:4 | Found Soujum's Jewellery Boutique.
 59439 | Depths:4 | Found Gepaomonka's Book Emporium.
 59440 | Depths:4 | Found Zuggit's Jewellery Boutique.
 59544 | Depths:4 | Killed Parghit
 59545 | Depths:4 | Reached skill level 27 in Unarmed Combat
 59630 | Zot:1    | Entered Level 1 of the Realm of Zot
 61222 | Zot:2    | Found a transporter.
 61246 | Zot:2    | Found a transporter.
 62179 | Zot:2    | Identified the +1 pair of gloves "Jadisk" {Str+3}
 62204 | Zot:2    | Identified the +3 short sword "Vificlocemi" {freeze, Dex+5
                  | Stlth+}
 62205 | Zot:2    | Identified the ring of Oplylli {Ice Stlth+}
 62677 | Zot:3    | Reached XP level 25. HP: 199/275 MP: 1/20
 63787 | Zot:4    | Noticed a Killer Klown
 63791 | Zot:4    | Killed a Killer Klown
 64028 | Zot:4    | Identified the +6 falchion "Killer Klown's Regret" {heavy,
                  | rElec Will+ Int+2 Dex-2}
 64382 | Zot:5    | Entered Level 5 of the Realm of Zot
 64505 | Zot:5    | Reached skill level 27 in Fighting
 64918 | Zot:5    | Noticed an ancient lich
 64919 | Zot:5    | Noticed an ancient lich
 64924 | Zot:5    | Killed an ancient lich
 64925 | Zot:5    | Killed an ancient lich
 64926 | Zot:5    | Noticed an ancient lich
 64927 | Zot:5    | Noticed an orb of fire
 64928 | Zot:5    | Noticed an orb of fire
 64928 | Zot:5    | Noticed a Killer Klown
 64930 | Zot:5    | Killed an orb of fire
 64930 | Zot:5    | Killed an ancient lich
 64930 | Zot:5    | Gained mutation: Your body sometimes deteriorates upon
                  | taking damage. [an orb of fire]
 64931 | Zot:5    | Noticed a dread lich
 64931 | Zot:5    | Killed an orb of fire
 64934 | Zot:5    | Reached XP level 26. HP: 253/292 MP: 21/21
 64937 | Zot:5    | Killed a dread lich
 64960 | Zot:5    | Noticed an orb of fire
 64962 | Zot:5    | Gained mutation: You are weak. (Str -2) [an orb of fire]
 64964 | Zot:5    | Gained mutation: You occasionally lose the ability to drink
                  | potions when taking damage. [an orb of fire]
 64965 | Zot:5    | Killed an orb of fire
 64969 | Zot:5    | Noticed an ancient lich
 64975 | Zot:5    | Noticed a dread lich
 64975 | Zot:5    | Noticed an orb of fire
 64977 | Zot:5    | Noticed an ancient lich
 64980 | Zot:5    | Noticed a dread lich
 64980 | Zot:5    | Killed an ancient lich
 64984 | Zot:5    | Killed a dread lich
 64985 | Zot:5    | Killed an orb of fire
 64985 | Zot:5    | Killed an ancient lich
 64987 | Zot:5    | Killed a dread lich
 65650 | Slime:1  | Entered Level 1 of the Pits of Slime
 65939 | Depths:4 | Bought the amulet of Vitality {Regen++ RegenMP++} for 1000
                  | gold pieces
 65939 | Depths:4 | Found the amulet of Vitality {Regen++ RegenMP++}
 66486 | Slime:1  | Gained mutation: You are dopey. (Int -2) [a shining eye]
 67272 | Slime:3  | Reached skill level 27 in Shapeshifting
 67398 | Slime:3  | Found a viscous altar of Jiyva.
 68452 | Slime:5  | Entered Level 5 of the Pits of Slime
 68482 | Slime:5  | Gained mutation: You sometimes lose your temper in combat.
                  | [a shining eye]
 68543 | Slime:5  | Reached XP level 27. HP: 300/300 MP: 21/21
 68561 | Slime:5  | Noticed the Royal Jelly
 68568 | Slime:5  | Killed the Royal Jelly
 68780 | Slime:5  | Identified the +0 ring mail of the Bulwark {rElec rCorr
                  | Dex+3}
 68923 | Slime:5  | Identified the +3 hand axe "Bumoom Qepe" {drain, rN+ Dex-3
                  | Stlth+}
 68952 | Slime:5  | Got the Vellum of Vexing Cold
 68954 | Slime:5  | Got a slimy rune of Zot
 69000 | Slime:5  | Identified the +0 war axe of Ignis {protect, *Noise rF+
                  | Str+5}
 69049 | Slime:5  | Identified the ring "Keusch" {Wiz ^Drain rF+ rCorr}
 69138 | Slime:5  | Identified the +4 trident "Vadesicw" {freeze, rPois Dex+4}
 69189 | Slime:5  | Identified the amulet of Roygim {RegenMP ^Drain rElec rF+
                  | RegenMP+}
 69487 | Slime:5  | Lost mutation: Your magical capacity is low. (-10% MP)
                  | [potion of mutation]
 69487 | Slime:5  | Lost mutation: You are strong-willed. (Will+) [potion of
                  | mutation]
 69487 | Slime:5  | Lost mutation: You are weak. (Str -2) [potion of mutation]
 69487 | Slime:5  | Lost mutation: You are robust. (+10% HP) [potion of
                  | mutation]
 69488 | Slime:5  | Lost mutation: You are dopey. (Int -2) [potion of mutation]
 69488 | Slime:5  | Lost mutation: You occasionally lose the ability to drink
                  | potions when taking damage. [potion of mutation]
 69488 | Slime:5  | Gained mutation: Your spells are a little easier to cast,
                  | but a little less powerful. [potion of mutation]
 69488 | Slime:5  | Gained mutation: You occasionally lose the ability to read
                  | scrolls when taking damage. [potion of mutation]
 69488 | Slime:5  | Gained mutation: Your flesh is very cold resistant. (rC++)
                  | [potion of mutation]
 69489 | Slime:5  | Lost mutation: Your spells are a little easier to cast, but
                  | a little less powerful. [potion of mutation]
 69489 | Slime:5  | Lost mutation: You occasionally lose the ability to read
                  | scrolls when taking damage. [potion of mutation]
 69489 | Slime:5  | Lost mutation: You sometimes lose your temper in combat.
                  | [potion of mutation]
 69489 | Slime:5  | Gained mutation: You are robust. (+10% HP) [potion of
                  | mutation]
 69489 | Slime:5  | Gained mutation: You are clumsy. (Dex -2) [potion of
                  | mutation]
 69489 | Slime:5  | Lost mutation: Your flesh is very cold resistant. (rC++)
                  | [potion of mutation]
 69490 | Slime:5  | Lost mutation: You are clumsy. (Dex -2) [potion of
                  | mutation]
 69490 | Slime:5  | Lost mutation: You are robust. (+10% HP) [potion of
                  | mutation]
 69490 | Slime:5  | Gained mutation: You expend magic power (3 MP) to
                  | strengthen your wands. [potion of mutation]
 69490 | Slime:5  | Gained mutation: You have hidden genetic potential. [potion
                  | of mutation]
 69490 | Slime:5  | Gained mutation: You are weak. (Str -2) [potion of
                  | mutation]
 69490 | Slime:5  | Gained mutation: You are resistant to electric shocks.
                  | (rElec) [potion of mutation]
 69491 | Slime:5  | Lost mutation: You are resistant to electric shocks.
                  | (rElec) [potion of mutation]
 69491 | Slime:5  | Lost mutation: You have hidden genetic potential. [potion
                  | of mutation]
 69491 | Slime:5  | Lost mutation: You expend magic power (3 MP) to strengthen
                  | your wands. [potion of mutation]
 69491 | Slime:5  | Gained mutation: Your magical capacity is low. (-10% MP)
                  | [potion of mutation]
 69492 | Slime:5  | Lost mutation: Your body sometimes deteriorates upon taking
                  | damage. [potion of mutation]
 69492 | Slime:5  | Lost mutation: Your magical capacity is low. (-10% MP)
                  | [potion of mutation]
 69492 | Slime:5  | Lost mutation: You are weak. (Str -2) [potion of mutation]
 69492 | Slime:5  | Gained mutation: You possess an exceptional clarity of
                  | mind. [potion of mutation]
 69492 | Slime:5  | Gained mutation: You have hidden genetic potential. [potion
                  | of mutation]
 69492 | Slime:5  | Gained mutation: Your flesh is very cold resistant. (rC++)
                  | [potion of mutation]
 69868 | Depths:1 | Voluntarily entered the Abyss.
 69889 | Abyss:1  | Found an ancient bone altar of Kikubaaqudgha.
 69897 | Abyss:1  | Found a corrupted altar of Lugonu.
 69907 | Abyss:1  | Reached skill level 15 in Dodging
 70219 | Abyss:3  | Reached skill level 1 in Evocations
 70259 | Abyss:3  | Reached skill level 1 in Throwing
 70502 | Abyss:3  | Got an abyssal rune of Zot
 70530 | Depths:1 | Escaped the Abyss
 70763 | Vaults:4 | You showed the abyssal rune of Zot to enter a treasure
                  | trove
 70764 | Trove    | Entered a treasure trove
 70778 | Trove    | Got Sif Muna's Directory of Starting Spells
 70922 | Vaults:4 | Learned a level 4 spell: Passage of Golubria
 70927 | Vaults:4 | Learned a level 4 spell: Vhi's Electric Charge
 70987 | Vaults:3 | Killed Rissiah's ghost
 71199 | Hell     | Entered the Vestibule of Hell
 71199 | Hell     | Noticed Geryon
 71205 | Hell     | Killed Geryon
 71221 | Hell     | Reached skill level 5 in Evocations
 71221 | Hell     | Noticed Murray
 71227 | Hell     | Killed Murray
 71347 | Hell     | Found a gateway to the ashen valley of Gehenna.
 71409 | Hell     | Found a gateway to the Iron City of Dis.
 71436 | Hell     | Reached skill level 5 in Throwing
 71453 | Hell     | Found a gateway to the freezing wastes of Cocytus.
 71510 | Hell     | Found a gateway to the decaying netherworld of Tartarus.
 71707 | Pan      | Entered Pandemonium
 71728 | Pan      | Found a glowing silver altar of Zin.
 72064 | Pan      | Found a white marble altar of Elyvilon.
 72239 | Pan      | Identified the +7 tower shield "Wuokk" {Str+2}
 72707 | Pan      | Reached skill level 10 in Evocations
 73115 | Pan      | Noticed a seraph
 73130 | Pan      | Killed a seraph
 73134 | Pan      | Gained mutation: Your system is resistant to poisons.
                  | (rPois) [hidden potential]
 73142 | Pan      | Found a glowing golden altar of the Shining One.
 73157 | Pan      | Identified the +6 falchion of the Traitor {drain, rF-
                  | Str+3}
 73166 | Pan      | Got a demonic rune of Zot
 73168 | Pan      | Identified the -2 pair of boots of the Swamp {+Blink rF+}
 73170 | Pan      | Identified the staff of Atzuf {+Blink rF+ Int-3 Earth}
 73172 | Pan      | Identified the +5 battleaxe "Xabekuri" {protect, +Blink}
 73786 | Pan      | Found a corrupted altar of Lugonu.
 73908 | Pan      | Noticed Moisin the pandemonium lord
 73919 | Pan      | Killed Moisin the pandemonium lord
 73920 | Pan      | Reached skill level 1 in Stealth
 74425 | Pan      | Identified the +5 war axe of Riyp {heavy, Str+2 Dex+2}
 74451 | Pan      | Noticed Yzeoso the pandemonium lord
 74456 | Pan      | Killed Yzeoso the pandemonium lord
 74655 | Pan      | Reached skill level 5 in Stealth
 74709 | Pan      | Noticed Utujeal the pandemonium lord
 74948 | Pan      | Entered the realm of Cerebov.
 75172 | Pan      | Identified the +4 war axe "Xoehuhaz" {venom, *Slow rC-
                  | Dex+4 SInv}
 75172 | Pan      | Identified the ring of Departure {Ice Dex+7}
 75207 | Pan      | Found the +6 sword of Cerebov {flame}
 75207 | Pan      | Noticed Cerebov
 75771 | Pan      | Killed Cerebov
 75880 | Pan      | Got a fiery rune of Zot
 75938 | Pan      | Identified the +0 kite shield of Get Tiha {^Drain rN++ MP+9
                  | Stlth+}
 76161 | Pan      | Entered the realm of Gloorx Vloq.
 76358 | Pan      | Gained mutation: Your tail ends in a venomous barb. [hidden
                  | potential]
 76358 | Pan      | Lost mutation: You have hidden genetic potential. [hidden
                  | potential expressed]
 77129 | Pan      | Reached skill level 10 in Throwing
 77187 | Pan      | Reached skill level 10 in Stealth
 77276 | Pan      | Noticed Gloorx Vloq
 77279 | Pan      | Killed Gloorx Vloq
 77344 | Pan      | Got a dark rune of Zot
 77492 | Pan      | Entered the realm of Lom Lobon.
 78128 | Pan      | Noticed Lom Lobon
 78133 | Pan      | Killed Lom Lobon
 78228 | Pan      | Got a magical rune of Zot
 78311 | Pan      | Entered the realm of Mnoleg.
 78365 | Pan      | Noticed Mnoleg
 78374 | Pan      | Gained mutation: You are dopey. (Int -2) [a neqoxec]
 78385 | Pan      | Gained mutation: You occasionally lose the ability to drink
                  | potions when taking damage. [a shining eye]
 78394 | Pan      | Killed Mnoleg
 78399 | Pan      | Gained mutation: Your magical capacity is low. (-10% MP) [a
                  | neqoxec]
 78546 | Pan      | Gained mutation: You are vulnerable to heat. (rF-) [a
                  | cacodemon]
 78590 | Pan      | Found an exit through the horrors of the Abyss.
 78667 | Pan      | Gained mutation: Your magical capacity is very low. (-20%
                  | MP) [a neqoxec]
 78679 | Pan      | Lost mutation: You possess an exceptional clarity of mind.
                  | [a cacodemon]
 78872 | Pan      | Gained mutation: You sometimes lose the ability to drink
                  | potions when taking damage. [a cacodemon]
 78881 | Pan      | Reached skill level 15 in Translocations
 79329 | Pan      | Got a glowing rune of Zot
 79404 | Pan      | Took an exit into the Abyss.
 79404 | Abyss:3  | Escaped into the Abyss
 79412 | Abyss:3  | Found a corrupted altar of Lugonu.
 79460 | Abyss:3  | Found a corrupted altar of Lugonu.
 79629 | Depths:2 | Escaped the Abyss
 79630 | Depths:2 | Lost mutation: You are vulnerable to heat. (rF-) [potion of
                  | mutation]
 79630 | Depths:2 | Lost mutation: You are dopey. (Int -2) [potion of mutation]
 79630 | Depths:2 | Lost mutation: You sometimes lose the ability to drink
                  | potions when taking damage. [potion of mutation]
 79630 | Depths:2 | Lost mutation: Your system is resistant to poisons. (rPois)
                  | [potion of mutation]
 79630 | Depths:2 | Gained mutation: You have a beak for a mouth. [potion of
                  | mutation]
 79630 | Depths:2 | Gained mutation: You have hidden genetic potential. [potion
                  | of mutation]
 79631 | Depths:2 | Lost mutation: You have a beak for a mouth. [potion of
                  | mutation]
 79631 | Depths:2 | Lost mutation: You occasionally lose the ability to drink
                  | potions when taking damage. [potion of mutation]
 79631 | Depths:2 | Gained mutation: You expend magic power (3 MP) to
                  | strengthen your wands. [potion of mutation]
 79631 | Depths:2 | Gained mutation: Your body sometimes deteriorates upon
                  | taking damage. [potion of mutation]
 79632 | Depths:2 | Lost mutation: Your magical capacity is very low. (-20% MP)
                  | [potion of mutation]
 79632 | Depths:2 | Lost mutation: Your body sometimes deteriorates upon taking
                  | damage. [potion of mutation]
 79632 | Depths:2 | Gained mutation: You are robust. (+10% HP) [potion of
                  | mutation]
 79632 | Depths:2 | Lost mutation: You are robust. (+10% HP) [potion of
                  | mutation]
 79633 | Depths:2 | Lost mutation: Your flesh is very cold resistant. (rC++)
                  | [potion of mutation]
 79633 | Depths:2 | Lost mutation: Your tail ends in a venomous barb. [potion
                  | of mutation]
 79633 | Depths:2 | Lost mutation: You expend magic power (3 MP) to strengthen
                  | your wands. [potion of mutation]
 79633 | Depths:2 | Gained mutation: You expend magic power (3 MP) to
                  | strengthen your wands. [potion of mutation]
 79633 | Depths:2 | Gained mutation: Your flesh is heat resistant. (rF+)
                  | [potion of mutation]
 79633 | Depths:2 | Gained mutation: Your muscles are strong. (Str +4, Int/Dex
                  | -1) [potion of mutation]
 79634 | Depths:2 | Lost mutation: You expend magic power (3 MP) to strengthen
                  | your wands. [potion of mutation]
 79634 | Depths:2 | Lost mutation: Your magical capacity is low. (-10% MP)
                  | [potion of mutation]
 79634 | Depths:2 | Lost mutation: You have hidden genetic potential. [potion
                  | of mutation]
 79634 | Depths:2 | Gained mutation: Your large and strong wings let you fly.
                  | [potion of mutation]
 79634 | Depths:2 | Gained mutation: You are strong-willed. (Will+) [potion of
                  | mutation]
 79634 | Depths:2 | Gained mutation: You are agile. (Dex +4, Str/Int -1)
                  | [potion of mutation]
 79634 | Depths:2 | Gained mutation: You passively dampen the noise of your
                  | surroundings. [potion of mutation]
 79746 | Coc:1    | Entered Level 1 of Cocytus
 79891 | Coc:2    | Paralysed by a wendigo for 1 turns
 80225 | Coc:5    | You are sucked into a shaft and drop 1 floor!
 80229 | Coc:6    | Paralysed by a wendigo for 1 turns
 80435 | Coc:7    | Entered Level 7 of Cocytus
 80586 | Coc:7    | Paralysed by a wendigo for 1 turns
 81012 | Coc:7    | Reached skill level 15 in Stealth
 81224 | Coc:7    | Noticed Antaeus
 81240 | Coc:7    | Killed Antaeus
 81248 | Coc:7    | Got an icy rune of Zot
 81256 | Coc:7    | Identified the +1 quarterstaff of Painful Death {venom,
                  | Str+7}
 81314 | Coc:7    | Identified the +7 broad axe "Wogeumm" {pain, *Slow Will+
                  | rCorr}
 81364 | Coc:7    | Got Measafil's Directory of the Cwm
 81743 | D:6      | Bought a ring of protection from fire for 375 gold pieces
 81958 | Geh:1    | Entered Level 1 of Gehenna
 82753 | Geh:7    | Entered Level 7 of Gehenna
 83706 | Geh:7    | Found the +13 sceptre of Asmodeus
 83706 | Geh:7    | Noticed Asmodeus
 83716 | Geh:7    | Killed Asmodeus
 83811 | Geh:7    | Found the +5 robe of Night {Dark Will+ SInv}
 83852 | Geh:7    | Found the +8 whip "Snakebite" {venom, curare, rPois}
 83861 | Geh:7    | Identified the staff "Culoma" {rElec rC+ Ice Alchemy}
 83884 | Geh:7    | Identified the amulet "Ginkuashro" {rN++ Regen+ rCorr}
 83904 | Geh:7    | Identified the ring of Bademevio {rElec rN+ Will+}
 83907 | Geh:7    | Identified the staff of Wicked Optimality {rElec rF+ Air}
 83919 | Geh:7    | Got an obsidian rune of Zot
 84195 | Tar:1    | Entered Level 1 of Tartarus
 84495 | Tar:4    | Noticed an ancient lich
 84500 | Tar:4    | Killed an ancient lich
 84591 | Tar:4    | You are sucked into a shaft and drop 2 floors!
 84812 | Tar:6    | Reached skill level 27 in Dodging
 84916 | Tar:7    | Entered Level 7 of Tartarus
 85318 | Tar:7    | Noticed a dread lich
 85323 | Tar:7    | Killed a dread lich
 85324 | Tar:7    | Noticed a dread lich
 85329 | Tar:7    | Killed a dread lich
 85339 | Tar:7    | Identified the staff of the Eternal Warrior {rElec rPois
                  | Str+7 Int+2 Air}
 85457 | Tar:7    | Noticed a dread lich
 85458 | Tar:7    | Noticed a dread lich
 85462 | Tar:7    | Killed a dread lich
 85469 | Tar:7    | Killed a dread lich
 85539 | Tar:7    | Identified the +1 leather armour of Licues {Dex+7}
 85656 | Tar:7    | Reached skill level 15 in Evocations
 86146 | Tar:7    | Noticed Ereshkigal
 86151 | Tar:7    | Killed Ereshkigal
 86163 | Tar:7    | Identified the +1 rapier "Suduoni" {holy, +Blink rC++ Will-
                  | Dex+3}
 86194 | Tar:7    | Got a bone rune of Zot
 86226 | Tar:7    | Identified the +0 shortbow of the Lesser Evil {drain, rF+
                  | Stlth+}
 86548 | Dis:1    | Entered Level 1 of the Iron City of Dis
 86605 | Dis:2    | Noticed a dread lich
 86614 | Dis:2    | Killed a dread lich
 86717 | Dis:2    | Noticed a dread lich
 86721 | Dis:2    | Killed a dread lich
 86737 | Dis:2    | Noticed a juggernaut
 86738 | Dis:2    | Noticed an ancient lich
 86759 | Dis:3    | Noticed a juggernaut
 86817 | Dis:3    | Killed a juggernaut
 86818 | Dis:3    | Noticed a juggernaut
 86834 | Dis:3    | Killed a juggernaut
 87040 | Dis:5    | Noticed a dread lich
 87045 | Dis:5    | Killed a dread lich
 87200 | Dis:7    | Entered Level 7 of the Iron City of Dis
 88229 | Dis:7    | Identified the +4 flail "Hellblazer" {drain, rF+ Will++}
 88312 | Dis:7    | Identified the +7 orcbow of Hubris {flame, Str-2 Dex+6 SInv
                  | Stlth+}
 88395 | Dis:7    | Noticed the Serpent of Hell
 88404 | Dis:7    | Killed the Serpent of Hell
 88608 | Dis:7    | Noticed Dispater
 88637 | Dis:7    | Killed Dispater
 88651 | Dis:7    | Found the +6 arbalest "Damnation" {damnation}
 88668 | Dis:7    | Got an iron rune of Zot
 88672 | Dis:7    | Identified the +4 shortbow of the Boiling Point {speed,
                  | rF+++}
 89260 | Crypt:1  | Entered Level 1 of the Crypt
 89679 | Crypt:1  | Noticed Vv
 89690 | Crypt:1  | Killed Vv
 90550 | Crypt:3  | Entered Level 3 of the Crypt
 90879 | Crypt:3  | Found an ancient bone altar of Kikubaaqudgha.
 90879 | Crypt:3  | Found a basalt altar of Yredelemnul.
 90904 | Crypt:3  | Got an ivory gem with 249 turns to spare
 90919 | Crypt:3  | Found the +3 pair of mountain boots {steadfast, rC+}
 90927 | Crypt:3  | Got Zutuavubo's Opusculum on Evil Ceremonies
 90956 | Crypt:3  | Identified the +4 hand axe of the Boiling Point {venom,
                  | *Corrode ^Fragile Will+++ Int+7}
 91153 | Crypt:3  | Lost the ivory gem through the power of Zot.
 91266 | Crypt:3  | Noticed Zenata
 91273 | Crypt:3  | Killed Zenata
 91325 | Crypt:3  | Found a staircase to the Tomb.
 91385 | Crypt:3  | Found a shimmering blue altar of Sif Muna.
 91479 | Crypt:3  | Identified the amulet of Hegagoud {RegenMP Will+ RegenMP+}
 92161 | Tomb:1   | Entered Level 1 of the Tomb of the Ancients
 92371 | Tomb:1   | Identified the +1 plate armour "Umnacvah" {Fly rC+}
 92520 | Tomb:1   | Noticed a royal mummy
 92544 | Tomb:1   | Killed a royal mummy
 92552 | Tomb:1   | Noticed a royal mummy
 92552 | Tomb:1   | Noticed a royal mummy
 92553 | Tomb:1   | Killed a royal mummy
 92556 | Tomb:1   | Killed a royal mummy
 92697 | Tomb:1   | Identified the +0 helmet "Worivoj" {rPois Str-2 Int+3
                  | Dex+6}
 92993 | Tomb:2   | Noticed a royal mummy
 92995 | Tomb:2   | Noticed a royal mummy
 93000 | Tomb:2   | Noticed a royal mummy
 93007 | Tomb:2   | Killed a royal mummy
 93019 | Tomb:2   | Noticed a royal mummy
 93026 | Tomb:2   | Killed a royal mummy
 93027 | Tomb:2   | Killed a royal mummy
 93028 | Tomb:2   | Killed a royal mummy
 93619 | Tomb:1   | Noticed a royal mummy
 93627 | Tomb:1   | Killed a royal mummy
 93637 | Tomb:1   | Noticed a royal mummy
 93637 | Tomb:1   | Noticed a royal mummy
 93640 | Tomb:1   | Noticed a royal mummy
 93640 | Tomb:1   | Noticed a royal mummy
 93642 | Tomb:1   | Killed a royal mummy
 93643 | Tomb:1   | Killed a royal mummy
 93647 | Tomb:1   | Killed a royal mummy
 93652 | Tomb:1   | Killed a royal mummy
 93771 | Tomb:1   | Noticed a royal mummy
 93772 | Tomb:1   | Noticed a royal mummy
 93774 | Tomb:1   | Killed a royal mummy
 93775 | Tomb:1   | Noticed a royal mummy
 93776 | Tomb:1   | Killed a royal mummy
 93825 | Tomb:1   | Noticed a royal mummy
 93827 | Tomb:1   | Killed a royal mummy
 93831 | Tomb:1   | Noticed a royal mummy
 93835 | Tomb:1   | Killed a royal mummy
 93840 | Tomb:1   | Killed a royal mummy
 93841 | Tomb:1   | Noticed a royal mummy
 93850 | Tomb:1   | Killed a royal mummy
 93851 | Tomb:1   | Reached skill level 27 in Evocations
 93926 | Tomb:1   | Noticed a royal mummy
 93931 | Tomb:1   | Killed a royal mummy
 93983 | Tomb:1   | Noticed a royal mummy
 93983 | Tomb:1   | Noticed a royal mummy
 93994 | Tomb:1   | Killed a royal mummy
 94001 | Tomb:1   | Killed a royal mummy
 94033 | Tomb:1   | Noticed a royal mummy
 94034 | Tomb:1   | Noticed a royal mummy
 94037 | Tomb:1   | Killed a royal mummy
 94038 | Tomb:1   | Noticed a royal mummy
 94039 | Tomb:1   | Killed a royal mummy
 94045 | Tomb:1   | Killed a royal mummy
 94093 | Tomb:1   | Noticed a royal mummy
 94096 | Tomb:1   | Killed a royal mummy
 94110 | Tomb:1   | Noticed a royal mummy
 94115 | Tomb:1   | Killed a royal mummy
 94145 | Tomb:1   | Noticed a royal mummy
 94156 | Tomb:1   | Killed a royal mummy
 94685 | Tomb:3   | Entered Level 3 of the Tomb of the Ancients
 94688 | Tomb:3   | Noticed a royal mummy
 94692 | Tomb:3   | Noticed a royal mummy
 94695 | Tomb:3   | Reached skill level 15 in Throwing
 94703 | Tomb:3   | Found the +4 robe of Folly {Brill Will-∞ Int+8}
 94717 | Tomb:3   | Gained mutation: You do not regenerate when monsters are
                  | visible. [mutagenic glow]
 94723 | Tomb:3   | Killed a royal mummy
 94727 | Tomb:3   | Noticed a royal mummy
 94730 | Tomb:3   | Identified the +8 whip of the Mouth {vamp, +Blink Stlth+}
 94731 | Tomb:3   | Identified the staff "Tercho" {rF+ Str+5 Dex-4 SInv Fire}
 94733 | Tomb:3   | Killed a royal mummy
 94733 | Tomb:3   | Found the +27 heavy crossbow "Sniper" {heavy, Acc+∞ SInv}
 94759 | Tomb:3   | Gained mutation: Potions are less effective at restoring
                  | your health. [mutagenic glow]
 94794 | Tomb:3   | Noticed a royal mummy
 94799 | Tomb:3   | Noticed a royal mummy
 94970 | Tomb:3   | Killed a royal mummy
 94984 | Tomb:3   | Killed a royal mummy
 94989 | Tomb:3   | Killed a royal mummy
 95002 | Tomb:3   | Noticed a royal mummy
 95008 | Tomb:3   | Killed a royal mummy
 95272 | Tomb:2   | Lost mutation: You are strong-willed. (Will+) [potion of
                  | mutation]
 95272 | Tomb:2   | Lost mutation: Your muscles are strong. (Str +4, Int/Dex
                  | -1) [potion of mutation]
 95272 | Tomb:2   | Gained mutation: Your body sometimes deteriorates upon
                  | taking damage. [potion of mutation]
 95272 | Tomb:2   | Gained mutation: Your mind is acute. (Int +4, Str/Dex -1)
                  | [potion of mutation]
 95273 | Tomb:2   | Lost mutation: You are agile. (Dex +4, Str/Int -1) [potion
                  | of mutation]
 95273 | Tomb:2   | Lost mutation: Your mind is acute. (Int +4, Str/Dex -1)
                  | [potion of mutation]
 95273 | Tomb:2   | Gained mutation: You have supernaturally acute eyesight.
                  | (SInv) [potion of mutation]
 95274 | Tomb:2   | Lost mutation: You have supernaturally acute eyesight.
                  | (SInv) [potion of mutation]
 95274 | Tomb:2   | Lost mutation: You do not regenerate when monsters are
                  | visible. [potion of mutation]
 95274 | Tomb:2   | Gained mutation: You have hidden genetic potential. [potion
                  | of mutation]
 95274 | Tomb:2   | Gained mutation: You are agile. (Dex +4, Str/Int -1)
                  | [potion of mutation]
 95275 | Tomb:2   | Lost mutation: Potions are less effective at restoring your
                  | health. [potion of mutation]
 95275 | Tomb:2   | Lost mutation: Your large and strong wings let you fly.
                  | [potion of mutation]
 95275 | Tomb:2   | Gained mutation: You sometimes lose your temper in combat.
                  | [potion of mutation]
 95276 | Tomb:2   | Lost mutation: You sometimes lose your temper in combat.
                  | [potion of mutation]
 95276 | Tomb:2   | Lost mutation: You are agile. (Dex +4, Str/Int -1) [potion
                  | of mutation]
 95276 | Tomb:2   | Lost mutation: Your flesh is heat resistant. (rF+) [potion
                  | of mutation]
 95276 | Tomb:2   | Gained mutation: Your body often deteriorates upon taking
                  | damage. [potion of mutation]
 95276 | Tomb:2   | Gained mutation: Your flesh is very cold resistant. (rC++)
                  | [potion of mutation]
 95277 | Tomb:2   | Lost mutation: Your flesh is very cold resistant. (rC++)
                  | [potion of mutation]
 95277 | Tomb:2   | Lost mutation: You passively dampen the noise of your
                  | surroundings. [potion of mutation]
 95277 | Tomb:2   | Lost mutation: Your body often deteriorates upon taking
                  | damage. [potion of mutation]
 95277 | Tomb:2   | Lost mutation: You have hidden genetic potential. [potion
                  | of mutation]
 95277 | Tomb:2   | Gained mutation: You passively map a small area around you.
                  | [potion of mutation]
 95277 | Tomb:2   | Lost mutation: You passively map a small area around you.
                  | [potion of mutation]
 95277 | Tomb:2   | Gained mutation: Your muscles are strong. (Str +4, Int/Dex
                  | -1) [potion of mutation]
 95278 | Tomb:2   | Lost mutation: Your body sometimes deteriorates upon taking
                  | damage. [potion of mutation]
 95278 | Tomb:2   | Lost mutation: Your muscles are strong. (Str +4, Int/Dex
                  | -1) [potion of mutation]
 95278 | Tomb:2   | Gained mutation: Your muscles are strong. (Str +4, Int/Dex
                  | -1) [potion of mutation]
 95278 | Tomb:2   | Gained mutation: You are robust. (+10% HP) [potion of
                  | mutation]
 95538 | Tomb:3   | Identified the staff "Earthworm" {^Drain +Blink rN+ Dex+4
                  | Stlth+ Necro}
 95545 | Tomb:3   | Got Kaynt's Papyrus of the Earthen Cumulonimbus
 95552 | Tomb:3   | Identified the +1 dagger "Newtbane" {elec, rC+}
 95555 | Tomb:3   | Identified the +1 sling "Unucwor" {flame, rN+}
 95660 | Tomb:3   | Noticed a royal mummy
 95660 | Tomb:3   | Noticed a royal mummy
 95667 | Tomb:3   | Killed a royal mummy
 95669 | Tomb:3   | Killed a royal mummy
 95683 | Tomb:3   | Noticed a royal mummy
 95686 | Tomb:3   | Killed a royal mummy
 96041 | Tomb:3   | Got a golden rune of Zot
 96778 | Zot:5    | Got the Orb of Zot
 96842 | Zot:4    | Gained mutation: You occasionally shout uncontrollably at
                  | your foes. [a cacodemon]
 96867 | Zot:4    | Noticed Viciutof the pandemonium lord
 97100 | D:10     | Noticed Kitisuam the pandemonium lord
 97101 | D:10     | Killed Kitisuam the pandemonium lord
 97392 | D:$      | Escaped with the Orb!

Illustrated notes

Levels and vault maps discovered:
D:1:      zelgadis_glass_arrival_small, layout_basic,
          shapermc_ecumenical_altar_notcrosses, minmay_misc_feat_plants,
          chequers_serial_rivers_micro_b
D:2:      layout_loops_cross, minmay_surrounded, uniq_crazy_yiuf_cottage
D:3:      layout_loops_corners, nicolae_overflow_hidden_temple, uniq_jessica
D:4:      layout_gridville, nicolae_ru_the_path_less_chosen, solitary_fountain
D:5:      layout_loops_ring, minmay_small_thing
D:6:      layout_gridville, mainiacjoe_overflow_big_doors, serial_shops, shop,
          shop, shop, nicolae_shop_tiny_real_fake_doors, shop, uniq_maggie,
          uniq_duvessa
D:7:      layout_loops_corners, grunt_temple_overflow_holy_war,
          minmay_temple_entry_sparse_star, serial_library_hellmonk_room_b
D:8:      minmay_octagon_keep, layout_basic, nicolae_ashenzari_panopticon,
          nicolae_nh_ransacked_shop, uniq_psyche, uniq_gastronok, uniq_pikel
D:9:      layout_roguey, grunt_temple_overflow_open, hellmonk_lair_entry_icy,
          orc_david_3, gammafunk_ghost_wrathful_warriors
D:10:     layout_rooms, nicolae_vehumet_radiance, minmay_ruined_shrine
D:11:     layout_long_grid, nicolae_uskayaw_dance_studio, uniq_snorg
D:12:     layout_basic, minmay_circle_x
D:13:     layout_loops_cross, uniq_rupert
D:14:     layout_rooms, hellmonk_vaults_keyhole, nicolae_benzene_ring
D:15:     hangedman_depths_entry_try_elsewhere_first, layout_rooms,
          serial_demonic, serial_demonic_b, serial_demonic_e, serial_demonic_g,
          serial_demonic_a, serial_shops, nicolae_shop_drivethru,
          chequers_arboretum, uniq_kirke
Temple:   hellmonk_temple_beads
Lair:1:   layout_hall_layers, grunt_forest_large_clearings, grunt_megastairs_1
Lair:2:   layout_small_grid
Lair:3:   layout_roguey, nicolae_shoals_entry_roost, alex1729_snake_entry_snake,
          serial_bayou_pond_b
Lair:4:   layout_gridlike, gauntlet_entry_generic, small_statue_intersection,
          minivault_26, serial_bayou_crossing
Lair:5:   grunt_lair_end_beastmaster, layout_small_grid,
          nicolae_slime_entry_slimehenge
Shoals:1: layout_shoals, nicolae_shoals_secluded_bog, uniq_mlioglotl,
          uniq_donald
Shoals:2: layout_shoals, serial_shops, nicolae_shop_tiny_waterfront,
          uniq_ilsuiw, uniq_polyphemus
Shoals:3: layout_shoals, nicolae_shoals_square_sea_wall
Shoals:4: shoals_end_grunt_ice, layout_shoals, shoals_ilsuiw_alternative
Snake:1:  layout_misc_corridors, nrook_guardian_serpent_double,
          grunt_megastairs_3, uniq_louise, uniq_nikola, uniq_asterion
Snake:2:  layout_misc_corridors, lemuel_fruit_tree, nicolae_triple_integral,
          minmay_shop_star
Snake:3:  layout_basic, drop_trap, nicolae_snake_omega
Snake:4:  snake_hunt, layout_chambers, grunt_megastairs_5
Slime:1:  layout_caves
Slime:2:  layout_caves
Slime:3:  layout_caves, basic_altar, special_room [special_room_jelly]
Slime:4:  layout_caves
Slime:5:  slime_pit_nicolae_amoeboid
Orc:1:    layout_caves, serial_shops, shop, nicolae_orc_pool_cavern,
          uniq_maurice, uniq_erolcha, uniq_jorgrun
Orc:2:    grunt_orc_gardens, layout_diamond_mine, grunt_orc_garden,
          grunt_orc_garden, grunt_orc_garden, grunt_orc_garden, basic_altar,
          led_sif_book
Elf:1:    eino_elf_arrival_shootout, layout_onion_city,
          hangedman_elven_crosses_minicolossus, grunt_megastairs_2
Elf:2:    elven_hall_of_blades_hangedman_original
          [nicolae_blade_entry_pointy_end], layout_geoelf_diagonals,
          serial_shops, shop
Elf:3:    minmay_elf_hall, layout_onion_city, uniq_aizul
Vaults:1: nicolae_vaults_meiosis, nicolae_vaults_shipping_containers_1,
          ontoclasm_vaults_hangar, grunt_vaults_funnel,
          nicolae_vaults_big_angled_halls, nicolae_vaults_little_squares_5,
          nicolae_vaults_trapezoid_lopsided_4, grunt_vaults_twisty,
          vaults_room_fours, hangedman_vaults_restitches,
          grunt_vaults_hallway_short, nicolae_vaults_yaktaur_gun_rack,
          vaults_dpeg_emergency_exit, layout_vaults_omnicross
Vaults:2: nicolae_vaults_security_offices_1, v_rooms_6,
          nicolae_vaults_more_shelving_1, nicolae_vaults_two_Ls,
          nicolae_vaults_closet_pinwheel_1, v_misc_26, layout_vaults_quadrants,
          serial_shops, shop, shop, nicolae_shop_overgrown_old_shop,
          nicolae_shop_statue_plus, shop
Vaults:3: advil_vaults_ghost_lines, minmay_crypt_entry_simple_walls,
          hangedman_vaults_capsules, nicolae_vaults_heart-shaped_vault,
          vaults_mumra_hexcomb, v_misc_17, nicolae_vaults_heist,
          grunt_vaults_hallway_short, vaults_standard_mumra_lines,
          nicolae_vaults_diamond_2, layout_vaults_chaotic_city, serial_shops,
          shop
Vaults:4: mu_enter_wizlab_2, hangedman_vaults_impose, nicolae_vaults_house_3,
          v_rooms_2, nicolae_vaults_variable_pillar_hall, lemuel_angel_altar,
          ontoclasm_vaults_hangar, nicolae_vaults_tetromino_T_1, v_rooms_5,
          layout_vaults_omnibox, enter_trove_0
Vaults:5: uniq_mara
Crypt:1:  layout_basic, nicolae_crypt_lounge_for_the_living,
          grunt_crypt_arrival_webbed, uniq_vv
Crypt:2:  layout_rooms, roderic_lattice_octagonal_star, uniq_margery
Crypt:3:  lightli_unholy_cathedral, layout_chaotic_city,
          tomb_entry_simple_bobbens, hangedman_summoners_spam, uniq_zenata
Tomb:1
Tomb:2
Tomb:3
Depths:1: layout_cave_shapes, nicolae_hell_entry_hellmouth_sunbeams,
          okawaru_gym_becter, abyss_entry_crystal, serial_shops,
          nicolae_shop_hallway_plus, kennysheep_nondescript,
          chequers_serial_rivers_small_3, minmay_misc_feat_more_columns,
          nemelex_diamond_rough_becter
Depths:2: minmay_diamond_stairs, layout_gridlike, enter_ziggurat_b,
          grunt_hell_entry_dis_old, rand_demon_pan_entry_9, serial_shops, shop,
          serial_bayou_pond_b, hangedman_abyss_entry_splay,
          nicolae_shop_fire_sale [nicolae_sub_dead_trees],
          infiniplex_staircase_x
Depths:3: pf_snail_temple, layout_gridlike,
          nicolae_abyss_entry_one_way_or_another, chequers_hall_statues_y,
          hell_entry
Depths:4: evilmike_zot_entry_argh, layout_basic, hell_entry,
          kennysheep_random_hallway, minmay_shop_grove, uniq_parghit, uniq_jory,
          uniq_frederick
Hell
Dis:1:    layout_subdivisions
Dis:2:    hangedman_iron_city_apartments
Dis:3:    layout_subdivisions, nicolae_dis_step_into_the_octagon
Dis:4:    layout_gridville
Dis:5:    hangedman_dis_decor_blocks_talon, layout_gridville
Dis:6:    layout_jigsaw
Dis:7:    iron_city_of_dis [dis_mu, dis_wall_5], layout_gridville
Geh:1:    layout_gehenna_pools_triple
Geh:2:    layout_gehenna_pools_box
Geh:3:    layout_gehenna_pools_basic
Geh:4:    nicolae_hells_giants_party, layout_gehenna_pools_basic
Geh:5:    layout_gehenna_pools_triple, lemuel_hellion_isle
Geh:6:    layout_gehenna_lava_caves
Geh:7:    geh_mu
Coc:1:    layout_cocytus_water_paths
Coc:2:    layout_cocytus_water_paths
Coc:3:    layout_ice_bergs
Coc:4:    layout_cocytus_water_paths
Coc:5:    layout_ice_bergs, serial_ice, serial_ice_a,
          nicolae_coc_statues_of_limitations
Coc:6:    layout_cocytus_water_paths
Coc:7:    coc_grunt_cove [coc_grunt_cove_antaeus, coc_grunt_cove_fiend,
          coc_grunt_cove_fiend, coc_grunt_cove_fiend, coc_grunt_cove_fiend]
Tar:1:    layout_honeycomb
Tar:2:    layout_grid_maze
Tar:3:    layout_grid_maze, nicolae_tar_cuneiform_city, evilmike_ambush
          [evilmike_ambush_outer_basic, evilmike_ambush_inner_cross]
Tar:4:    layout_honeycomb, nicolae_tar_spectre_spectrum
Tar:6:    layout_catacombs
Tar:7:    tar_grunt_cathedral
Zot:1:    layout_onion_interference, st_stairs_14, regret_index_zotdec_iron_s
Zot:2:    gammafunk_the_bubble [the_bubble_gammafunk_crates], layout_basic,
          st_small_dragon_hoard_1
Zot:3:    layout_gridlike, skrybe_zot_glass_2
Zot:4:    layout_misc_corridors, lemuel_golem_globe
Zot:5:    layout_basic, st_stairs_11

Skill      XL: |  1  2  3  4  5  6  7  8  9 10 11 12 13 14 15 16 17 18 19 20 21 22 23 24 25 26 27 |
---------------+----------------------------------------------------------------------------------+-----
Fighting       | 2 3 4 6 9 10 11 13 15 17 20 21 23 25 27 | 27.0
Shapeshifting  | 4 5 7 9 10 12 14 15 18 20 21 23 25 27 | 27.0
Unarmed Combat | 6 8 10 12 15 16 18 21 22 24 26 27 | 27.0
Dodging        | 5 8 10 13 27 | 27.0
Translocations | 4 5 10 22 | 22.0
Evocations     | 27 | 27.0
Throwing       | 18 | 18.1
Stealth        | 18 | 18.0
Spellcasting   | |  0.3

Action                     |  1- 3 |  4- 6 |  7- 9 | 10-12 | 13-15 | 16-18 | 19-21 | 22-24 | 25-27 || total
---------------------------+-------+-------+-------+-------+-------+-------+-------+-------+-------++-------
  Melee: Unarmed           |    94 |    46 |       |   407 |  1124 |  1020 |   887 |   936 |  4394 ||  8908
         Tailslap          |    13 |    16 |    37 |    79 |       |       |       |       |       ||   145
         Whip              |       |    82 |   206 |   279 |       |       |       |       |       ||   567
         Punch             |       |     1 |       |       |    50 |    85 |   113 |   158 |   832 ||  1239
         Constrict         |       |       |       |    98 |    51 |       |       |       |       ||   149
  Throw: Dart              |       |       |       |     3 |       |       |       |       |       ||     3
   Cast: Manifold Assault  |       |       |       |       |       |       |       |    27 |   141 ||   168
         Lesser Beckoning  |       |       |       |       |       |       |       |       |    11 ||    11
         Blink             |       |       |       |       |       |       |       |       |     1 ||     1
 Invoke: Serpent's Lash    |       |       |       |     2 |     5 |     2 |       |     3 |    21 ||    33
         Heavenly Storm    |       |       |       |       |     1 |     2 |     1 |     2 |    23 ||    29
Ability: Glacial Breath    |       |       |     3 |     5 |       |       |       |       |       ||     8
         Lunge             |       |       |     9 |    44 |    75 |   110 |    98 |    75 |   474 ||   885
         Whirlwind         |       |       |       |    20 |   202 |   282 |   136 |   200 |   817 ||  1657
         Wall Jump         |       |       |       |       |     2 |       |     1 |       |     1 ||     4
         Blinkbolt         |       |       |       |       |       |    38 |    78 |    94 |   225 ||   435
  Evoke: Wand              |       |       |       |    13 |     4 |     3 |     4 |     6 |    13 ||    43
         Phial of floods   |       |       |       |     1 |     1 |       |       |       |       ||     2
         Horn of Geryon    |       |       |       |       |       |       |       |       |     1 ||     1
         Sack of spiders   |       |       |       |       |       |       |       |       |     1 ||     1
         Phantom mirror    |       |       |       |       |       |       |       |       |     1 ||     1
         Condenser vane    |       |       |       |       |       |       |       |       |     1 ||     1
    Use: Scroll            |       |     1 |    19 |     5 |    15 |     8 |     6 |    12 |    41 ||   107
         Potion            |       |       |     1 |     1 |     2 |     1 |     3 |       |    64 ||    72
   Stab: Sleeping          |     2 |     4 |     3 |     2 |     4 |     2 |     2 |       |   105 ||   124
         Distracted        |       |       |       |     1 |     1 |       |       |       |    25 ||    27
         Invisible         |       |       |       |       |     1 |       |       |       |     2 ||     3
         Petrified         |       |       |       |       |     4 |       |       |       |       ||     4
         Petrifying        |       |       |       |       |     2 |       |       |       |       ||     2
 Armour: Skin              |    42 |    82 |   170 |   601 |   555 |   206 |   183 |   186 |   700 ||  2725
  Dodge: Dodged            |    46 |    61 |   117 |   301 |  1056 |  1069 |   799 |   815 |  3160 ||  7424
   Form: Serpent           |       |       |       |     1 |     1 |       |       |       |       ||     2
         Storm             |       |       |       |       |     2 |     1 |     1 |       |       ||     4
                           |       |       |       |       |       |     1 |       |       |       ||     1

Table legend: (Time is in decaauts)
 A = Elapsed time spent in this place.
 B = Non-inter-level travel time spent in this place.
 C = Inter-level travel time spent in this place.
 D = Time resting spent in this place.
 E = Time spent auto-exploring this place.
 F = Levels seen in this place.
 G = Mean time per level.
                   A        B        C        D        E       F      G
               +--------+--------+--------+--------+--------+-----+--------+
         Total |  96005 |  83273 |  12732 |   8885 |  50503 | 109 |  880.8 |
       Dungeon |  24146 |  19334 |   4812 |   2430 |  13024 |  15 | 1609.7 |
        Temple |     74 |      2 |     72 |      0 |      0 |   1 |   74.0 |
          Lair |   5950 |   4834 |   1116 |    221 |   3565 |   5 | 1190.0 |
        Shoals |   4968 |   4645 |    323 |    519 |   3038 |   4 | 1242.0 |
     Snake Pit |   3863 |   3632 |    231 |    290 |   2663 |   4 |  965.8 |
    Slime Pits |   3375 |   3166 |    209 |    217 |   1481 |   5 |  675.0 |
  Orcish Mines |   3404 |   3042 |    362 |    893 |   1481 |   2 | 1702.0 |
   Elven Halls |   4383 |   3911 |    472 |    142 |   2989 |   3 | 1461.0 |
        Vaults |   9140 |   7271 |   1869 |    436 |   5594 |   5 | 1828.0 |
         Crypt |   2502 |   2140 |    362 |     47 |   1538 |   3 |  834.0 |
          Tomb |   4142 |   3489 |    653 |    930 |   1386 |   3 | 1380.7 |
        Depths |   5700 |   4892 |    808 |    666 |   3403 |   4 | 1425.0 |
          Hell |    628 |    394 |    234 |     28 |    228 |   1 |  628.0 |
           Dis |   2367 |   2097 |    270 |    233 |    977 |   7 |  338.1 |
       Gehenna |   2055 |   1853 |    202 |    337 |    726 |   7 |  293.6 |
       Cocytus |   1703 |   1609 |     94 |    200 |    427 |   7 |  243.3 |
      Tartarus |   2170 |   2075 |     95 |    318 |    816 |   6 |  361.7 |
           Zot |   5921 |   5379 |    542 |    337 |   4100 |   5 | 1184.2 |
         Abyss |    841 |    841 |      0 |     18 |    450 |   4 |  210.2 |
   Pandemonium |   7420 |   7420 |      0 |    619 |   1969 |  15 |  494.7 |
         Trove |     86 |     86 |      0 |      0 |     63 |   1 |   86.0 |
        Wizlab |    716 |    716 |      0 |      0 |    304 |   1 |  716.0 |
      Gauntlet |    439 |    439 |      0 |      0 |    281 |   1 |  439.0 |
               +--------+--------+--------+--------+--------+-----+--------+

Top non-repeatable levels by time:
     D:8: 3039 daAuts
     D:9: 2898 daAuts
    D:14: 2226 daAuts
Vaults:3: 2205 daAuts
   Orc:1: 2054 daAuts
Vaults:1: 2029 daAuts
     D:6: 1944 daAuts
Vaults:2: 1942 daAuts
    D:11: 1851 daAuts
  Tomb:1: 1778 daAuts
   Dis:7: 1759 daAuts
    D:13: 1752 daAuts
   Elf:3: 1718 daAuts
Depths:3: 1682 daAuts
Vaults:5: 1581 daAuts
